 Dungeon Crawl Stone Soup version 0.21.1-1-g345015f (webtiles) character file.

749050 tidbits the Timeless (level 27, 0/292 HPs)
             Began as a Gnoll Skald on Feb 7, 2018.
             Was a High Priest of Cheibriados.
             Killed from afar by a Brimstone Fiend (43 damage)
             ... with damnation
             ... on level 7 of Gehenna on Feb 8, 2018.
             The game lasted 07:42:53 (15873 turns).

tidbits the Timeless (Gnoll Skald)                 Turns: 15873, Time: 07:42:54

Health: 0/292      AC: 31    Str: 33    XL:     27
Magic:  43/54      EV: 35    Int: 39    God:    Cheibriados [*****.]
Gold:   551        SH: 24    Dex: 36    Spells: 1/63 levels left

rFire    + + +     SeeInvis +   b - +9 broad axe (elec)
rCold    . . .     Gourm    .   D - +5 shield
rNeg     + . .     Faith    .   (armour currently unavailable)
rPois    ∞         Spirit   .   E - +0 mask of the Dragon {MR+ Slay+3 SInv}
rElec    +         Reflect  .   C - scarf {repulsion}
rCorr    .         Harm     .   (gloves currently unavailable)
MR       ++++.                  (boots currently unavailable)
Stlth    +++++++++.             w - amulet of Atheism {RegenMP Str+4}
HPRegen  1.58/turn              W - ring "Zunkumn" {Wiz *Drain rPois Int+3 Dex+6, =R}
MPRegen  0.59/turn              o - ring of Kyasuol {rF+++ MP+9 Int-4 Dex+2 SInv}

@: brilliant, statue-form, slightly contaminated, regenerating, studying
Necromancy, repel missiles, very slow
A: distributed training, antennae 1, fangs 1, rugged brown scales 1, thin
skeletal structure 1, camouflage 1, deterioration 1, magic resistance 1, sturdy
frame 1, strong nose
}: 7/15 runes: serpentine, barnacled, slimy, silver, golden, iron, obsidian
a: End Transformation, Bend Time, Temporal Distortion, Slouch, Step From Time,
Renounce Religion


You were on level 7 of Gehenna.
You worshipped Cheibriados.
Cheibriados was extremely pleased with you.
You were not hungry.
You were a stone statue.
You visited 15 branches of the dungeon, and saw 68 of its levels.
You visited 1 ziggurat, and saw 17 of its levels.
You also visited: Sewer, Ice Cave and Volcano.

You collected 4492 gold pieces.
You spent 3941 gold pieces at shops.

Inventory:

Hand Weapons
 a - the +4 staff of Dispater
   (You took it off Dispater on level 7 of the Iron City of Dis)
 b - a +9 broad axe of electrocution (weapon)
   (You found it on level 2 of the Snake Pit)
Missiles
 j - 26 javelins of returning (quivered)
 Y - 401 arrows
Armour
 B - a +4 troll leather armour (melded)
 C - a scarf of repulsion (worn)
   (You acquired it on level 15 of a ziggurat)
 D - a +5 shield (worn)
 E - the +0 mask of the Dragon (worn) {MR+ Slay+3 SInv}
   (You found it on level 17 of a ziggurat)

   It affects your accuracy and damage with ranged weapons and melee attacks
   (+3).
   It affects your resistance to hostile enchantments.
   It lets you see invisible.
 F - a +2 pair of boots of flying (melded)
   (You found it on level 3 of the Tomb of the Ancients)
 G - a +2 pair of gloves of archery (melded)
   (You found it on level 4 of the Shoals)
Magical Staves
 e - an uncursed staff of energy {!a}
   (You found it on level 3 of the Elven Halls)
Jewellery
 o - the ring of Kyasuol (right hand) {rF+++ MP+9 Int-4 Dex+2 SInv}
   (You found it on level 5 of the Pits of Slime)

   [ring of magical power]

   It affects your intelligence (-4).
   It affects your dexterity (+2).
   It renders you almost immune to fire.
   It affects your magic capacity (+9).
   It lets you see invisible.
 w - the amulet of Atheism (around neck) {RegenMP Str+4}
   (You found it on level 3 of the Tomb of the Ancients)

   [amulet of magic regeneration]

   It increases your magic regeneration.
   It affects your strength (+4).
 M - the ring "Gakh" {+Blink MR+ MP+9 Str+4 Dex-5}
   (You acquired it on level 3 of the Lair of Beasts)

   [ring of protection from magic]

   It affects your strength (+4).
   It affects your dexterity (-5).
   It affects your resistance to hostile enchantments.
   It affects your magic capacity (+9).
   It lets you blink.
 P - an uncursed ring of resist corrosion
   (You took it off a deep elf demonologist on level 3 of the Elven Halls)
 T - the amulet "Ruryilaq" {Spirit rPois rC++ MR+ Str-4}
   (You found it on level 11 of a ziggurat)

   [amulet of guardian spirit]

   It causes incoming damage to be split between your health and magic.
   It affects your strength (-4).
   It greatly protects you from cold.
   It protects you from poison.
   It affects your resistance to hostile enchantments.
 W - the ring "Zunkumn" (left hand) {Wiz *Drain rPois Int+3 Dex+6, =R}
   (You took it off a vault sentinel on level 5 of the Vaults)

   [ring of wizardry]

   It improves your spell success rate.
   It affects your intelligence (+3).
   It affects your dexterity (+6).
   It protects you from poison.
   It causes draining when unequipped.
Wands
 d - a wand of paralysis (21)
 x - a wand of clouds (8)
 L - a wand of iceblast (1)
 V - a wand of digging (30)
Scrolls
 h - 3 scrolls of immolation
 i - 2 scrolls of identify
 k - 3 scrolls of blinking
 p - 6 scrolls of fog
 r - 15 scrolls of remove curse
 s - a scroll of holy word
 z - 3 scrolls of amnesia
 I - 8 scrolls of fear
 U - 12 scrolls of teleportation
Potions
 f - 8 potions of heal wounds
 g - a potion of ambrosia
 l - a potion of brilliance
 m - 19 potions of curing
 q - 6 potions of mutation {!q}
 u - a potion of cancellation
 A - 2 potions of magic
 J - 3 potions of resistance
 N - 6 potions of flight
 R - 3 potions of invisibility
 S - a potion of might
Books
 t - a manual of Necromancy
   (You found it on level 10 of a ziggurat)
 v - a Necronomicon
   (You found it on level 5 of the Pits of Slime)

   Spells                             Type                      Level
   a - Haunt                          Necromancy/Summoning         7
   b - Borgnjor's Revivification      Necromancy                   8
   c - Death's Door                   Charms/Necromancy            8
   d - Infestation                    Necromancy                   8
   e - Necromutation                  Transmutation/Necromancy     8
Miscellaneous
 y - a lamp of fire
 H - 2 phantom mirrors
 K - 2 boxes of beasts
 X - a lightning rod (4/4)
Comestibles
 c - 42 rations


   Skills:
 + Level 18.5 Fighting
 + Level 18.1 Short Blades
 + Level 18.1 Long Blades
 + Level 18.5 Axes
 + Level 18.1 Maces & Flails
 + Level 18.1 Polearms
 + Level 18.1 Staves
 + Level 18.1 Slings
 + Level 18.1 Bows
 + Level 18.1 Crossbows
 + Level 18.1 Throwing
 + Level 18.2 Armour
 + Level 18.5 Dodging
 + Level 18.1 Stealth
 + Level 18.1 Shields
 + Level 18.1 Unarmed Combat
 + Level 18.6 Spellcasting
 + Level 15.6 Conjurations
 + Level 15.6 Hexes
 + Level 16.3 Charms
 + Level 15.6 Summonings
 + Level 17.1 Necromancy
 + Level 15.6 Translocations
 + Level 15.6 Transmutations
 + Level 15.6 Fire Magic
 + Level 15.6 Ice Magic
 + Level 15.6 Air Magic
 + Level 15.6 Earth Magic
 + Level 15.6 Poison Magic
 + Level 19.4 Invocations
 + Level 18.1 Evocations


You had one spell level left.
You knew the following spells:

 Your Spells              Type           Power        Failure   Level  Hunger
b - Blink                 Tloc           N/A          0%          2    None
g - Passage of Golubria   Tloc           N/A          0%          4    None
k - Sticks to Snakes      Tmut           ########     0%          2    None
l - Lesser Beckoning      Tloc           ########..   0%          3    None
p - Passwall              Tmut/Erth      ########..   0%          2    None
r - Regeneration          Chrm/Necr      ########..   0%          3    None
s - Statue Form           Tmut/Erth      ########.    1%          6    None
v - Borgnjor's Vile Clut  Necr/Erth      ########..   1%          5    None
w - Spectral Weapon       Hex/Chrm       ########     0%          3    None
y - Song of Slaying       Chrm           ########     0%          2    None
A - Apportation           Tloc           ######       0%          1    None
B - Controlled Blink      Tloc           N/A          1%          8    ####...
D - Lee's Rapid Deconstr  Erth           ########..   1%          5    None
E - Shatter               Erth           ########..   10%         9    #####..
R - Irradiate             Conj/Tmut      ########..   1%          5    None
Z - Sublimation of Blood  Necr           ########..   0%          2    None


Dungeon Overview and Level Annotations

Branches:
Dungeon (15/15)            Temple (1/1) D:4            Lair (6/6) D:11
 Shoals (4/4) Lair:2        Snake (4/4) Lair:3        Slime (5/5) Lair:6
    Orc (2/2) D:10            Elf (3/3) Orc:2        Vaults (5/5) D:14
  Crypt (3/3) Vaults:2       Tomb (3/3) Crypt:3      Depths (2/5) D:15
   Hell (1/1)                 Dis (7/7) Hell            Geh (7/7) Hell
    Coc: Hell:1         Tar: Hell:1

Altars:
Ashenzari
Cheibriados
Dithmenos
Elyvilon
Fedhas
Gozag
Hepliaklqana
Kikubaaqudgha
Nemelex Xobeh
Okawaru
Qazlal
Sif Muna
Trog
Uskayaw
Vehumet
Xom
Yredelemnul
The Shining One
Beogh
Jiyva

Shops:
D:5 *   D:10 *}   D:12 *   D:13 }   D:14 [   D:15 [   Orc:1 :   Orc:2 :?[}
Shoals:3 (   Vaults:1 }   Vaults:3 *   Vaults:5 !!%%??%!?

Portals:
Hell: Depths:2

Annotations:
D:3 1 runed door
Lair:1 exclusion: 2 electric eels
Orc:1 1 runed door, exclusion: 4 orange crystal statues
Geh:7 Asmodeus


Innate Abilities, Weirdness & Mutations

Your experience applies equally to all skills.
You have very sharp teeth.
Your uncanny sense of smell can sniff out nearby items.
You have a pair of small antennae on your head.
(You are partially covered in rugged brown scales. (AC +1, +3% HP))
You have a somewhat thin skeletal structure. (Dex +2, Stealth)
Your skin changes colour to match your surroundings (Stealth+).
Your body sometimes deteriorates upon taking damage.
You are resistant to hostile enchantments. (MR+)
Your movements are slightly less encumbered by armour. (ER -2)


Message History

The hellion gestures at you.
The sphere of damnation explodes!
The damnation engulfs you!
The damnation engulfs Asmodeus.
Asmodeus completely resists.
The damnation engulfs the Brimstone Fiend.
The Brimstone Fiend completely resists.
The damnation engulfs the sun demon. x2
The balrug gestures at you. Something smites you!
You block the sun demon's attack. The red devil completely misses you.
The Brimstone Fiend hits you but does no damage.
The Brimstone Fiend hits you!
* * * LOW HITPOINT WARNING * * *
The Brimstone Fiend completely misses you.
The balrug gestures at you. The bolt of fire misses you.
The bolt of fire hits the Brimstone Fiend.
The Brimstone Fiend completely resists.
The bolt of fire misses the balrug.
The hellion gestures at you.
The sphere of damnation explodes!
The damnation engulfs you!
* * * LOW HITPOINT WARNING * * *
The damnation engulfs Asmodeus.
Asmodeus completely resists.
The damnation engulfs the Brimstone Fiend.
The Brimstone Fiend completely resists.
The damnation engulfs the sun demon. x2
The sun demon dies!
The red devil completely misses you. Asmodeus hits you with a ruby sceptre.
* * * LOW HITPOINT WARNING * * *
The sun demon misses you.
You hear an angry squeal. x2; You hear a roar!
You hear a hideous shriek!
Unknown command.
Unknown command.
Unknown command.
Unknown command.
You pick up the obsidian rune and feel its power.
You now have 7 runes.
Press } to see all the runes you have collected.
You are engulfed in blazing flames.
You resist.
The Brimstone Fiend is no longer moving slowly.
The fire giant gestures at you while chanting.
The bolt of fire hits the Brimstone Fiend.
The Brimstone Fiend completely resists.
The bolt of fire misses you. You block the red devil's attack.
You block the sun demon's attack. The red devil misses you.
You block Asmodeus's attack. The balrug completely misses you.
The Brimstone Fiend completely misses you.
The Brimstone Fiend hits you but does no damage. x2
The fire giant casts a spell at you.
The bolt of fire hits the Brimstone Fiend.
The Brimstone Fiend completely resists.
The bolt of fire misses you.
The bolt of fire hits the balrug.
The balrug completely resists.
The balrug gestures at you.
The fireball explodes!
The fireball engulfs you! You resist.
* * * LOW HITPOINT WARNING * * *
The fireball engulfs Asmodeus.
Asmodeus completely resists.
The fireball engulfs the balrug.
The balrug completely resists.
The fireball engulfs the Brimstone Fiend.
The Brimstone Fiend completely resists.
The fireball engulfs the sun demon.
The sun demon completely resists.
The fireball engulfs the balrug.
The balrug completely resists.
The fireball engulfs the balrug.
The balrug completely resists.
The balrug closely misses you. The sun demon hits you.
* * * LOW HITPOINT WARNING * * *
You are engulfed in flames.
You resist.
* * * LOW HITPOINT WARNING * * *
Asmodeus shouts, "Submit, thou warped miscreant giglet!"
You hear a hideous shriek!
You hear a shout! x3
Unknown command.
Unknown command.
Press: ? - help, v - describe, . - travel
Here: a balrug, wielding an antimagic demon whip and wearing a bound pewter ring Ashen ground.
Unknown command.
Blink to where?
Press: ? - help, Dir - move target cursor
As you read the scroll of blinking, it crumbles to dust.
A hellion and a tormentor come into view.
The hellion gestures at you.
The sphere of damnation explodes!
The damnation engulfs you!
* * * LOW HITPOINT WARNING * * *
The damnation engulfs the molten gargoyle.
The molten gargoyle is destroyed!
The damnation engulfs the crimson imp.
The crimson imp dies!
Asmodeus gestures.
The Brimstone Fiend calls on the powers of darkness!
The fire giant convulses!
Your body is wracked with pain!
* * * LOW HITPOINT WARNING * * *
The Brimstone Fiend gestures at you.
The sphere of damnation explodes!
The damnation engulfs you!
* * * LOW HITPOINT WARNING * * *
Asmodeus gestures.
You hear a shout! x2; You hear an angry squeal.
You hear a shout!
Unknown command.
Unknown command.
Blink to where?
Press: ? - help, Dir - move target cursor You are lightly contaminated with residual magic.
As you read the scroll of blinking, it crumbles to dust.
A crimson imp and a sun demon come into view.
The Brimstone Fiend gestures at you.
The sphere of damnation explodes!
The damnation engulfs you!
You die...

≈≈≈≈,,,,,,,,,,,,,,,,,,≈≈,≈≈,,,,≈≈
≈,,,,,*****,,,,,,,,*,,,,,,,,,,,≈,
≈≈,,,**,,,**,,,,,,,,,,,,,,,,,,,,,
,,,,,*,,,,,******,,,,,,,,,,,,,,,,
≈≈,,,*,,,.,+,,,,*****,,,,,,*****,
≈≈,,,*,,,..##**,,,,,*****,**,,,**
,≈,,,**,,.''..#####,,,,,***,,,,,*
,,,,,,**+#'.......#####,,,+,,,,,*
,,,,..,#.#......8.....#****,,,,,*
,,,,,.#*.#..............,,++,,,**
,,,,,,.,2#..............,,,+*+**,
,,,,,,#..#..........3.5.,,,,*,*,,
,,.,,,*.#2.....#######2Z,,,,*,**,
,,.2.##,.....##*∆,,,,*+3,,,,*,,*,
,,......#....#,,,,,,,,,+,,,,**,*,
,,,,,*,#)§1.#*,,*####,,**,,,,*,*,
,,,,**,#....#$,##)=[##,∆*,,,,*,**


You could see a Brimstone Fiend, a balrug, 2 sun demons, a hellion, a crimson
imp and a shock serpent skeleton.

Vanquished Creatures
  A pandemonium lord (Zig:17)
  the Royal Jelly (Slime:5)
  Khufu (Crypt:3)
  Dispater (Dis:7)
  The ghost of Amaterasu the Gnoll Aeon, a legendary GnNe of Cheibriados (Tomb:3)
  2 orbs of fire (Zig:15)
  5 ancient liches
  17 greater mummies
  Bai Suzhen (Crypt:3)
  Margery (Vaults:4)
  2 Killer Klowns (Zig:4)
  Geryon (Hell)
  A golden dragon (Vaults:5)
  2 profane servitors
  5 iron giants
  A bone dragon (Dis:6)
  3 Brimstone Fiends
  2 Tzitzimimeh
  2 tentacled monstrosities
  5 Ice Fiends
  9 Hell Sentinels
  3 liches
  2 quicksilver dragons
  3 titans (Vaults:5)
  A deep elf master archer (Elf:3)
  Murray (Hell)
  19 acid blobs
  Polyphemus (Shoals:2)
  6 sphinxes
  2 deep elf blademasters (Elf:3)
  A kraken (Shoals:4)
  4 Executioners
  11 ancient champions
  Gastronok (Lair:2)
  3 shadow dragons (Vaults:5)
  4 storm dragons (Vaults:5)
  2 tentacled starspawn (Zig:8)
  18 nagarajas
  7 tengu reavers
  2 revenants
  9 azure jellies
  11 fire giants
  Ilsuiw (Shoals:4)
  4 frost giants
  6 deep elf sorcerers
  12 vault wardens
  A warmonger (Zig:17)
  Aizul (Shoals:2)
  6 balrugs
  7 iron dragons
  5 ghost moths (Zig:12)
  An emperor scorpion (Zig:12)
  2 cacodemons (Dis:7)
  10 ironheart preservers
  A ghoul (Crypt:3)
  A deep elf elementalist (Vaults:5)
  16 reapers
  3 draconian annihilators
  A caustic shrike skeleton (Zig:6)
  2 juggernaut skeletons
  9 stone giants
  4 corrupters (Zig:17)
  4 war gargoyles
  7 blood saints
  2 bennus (Tomb:3)
  3 entropy weavers
  9 vampire knights
  12 deep elf annihilators
  A spectral titan (Crypt:3)
  A black sun (Zig:17)
  8 deep elf demonologists
  2 dire elephants (Zig:5)
  4 merfolk javelineers
  2 eidola
  9 deep elf death magi
  9 merfolk impalers
  14 ettins
  A minotaur (shapeshifter) (Vaults:5)
  A green death (Dis:6)
  6 blizzard demons
  12 jiangshi
  19 mummy priests
  A quicksilver dragon zombie (Geh:4)
  4 death oozes (Slime:5)
  4 fire dragons
  6 deep elf high priests
  4 yaktaur captains
  A monstrous demonspawn (Zig:17)
  28 vault guards
  10 hydras
  7 great orbs of eyes
  2 ice dragons
  A spriggan air mage (Zig:13)
  2 catoblepae
  13 naga warriors
  4 centaur warriors
  An anaconda (shapeshifter) (D:15)
  3 anacondas
  5 merfolk avatars
  4 dancing weapons
  5 death knights
  16 two-headed ogres
  A satyr (Shoals:4)
  6 ogre magi
  8 death yaks
  29 death scarabs
  8 merfolk aquamancers
  4 deep troll shamans
  17 hell hogs
  6 shock serpents
  4 deep troll earth magi
  3 vampire magi
  2 titan zombies
  An orc high priest (Orc:2)
  2 iron golems (Depths:2)
  5 soul eaters
  9 large abominations
  3 deep elf knights
  Sonja (Lair:4)
  27 naga sharpshooters
  4 iron trolls (Dis:7)
  8 sun demons
  2 shadow wraiths
  Nergalle (Orc:2)
  A salamander mystic (Snake:4)
  3 fire crabs (Zig:15)
  39 skeletal warriors
  5 storm dragon skeletons
  A sixfirhy (Zig:17)
  A fire crab (shapeshifter) (Zig:4)
  3 anaconda zombies
  2 unseen horrors (D:13)
  7 small abominations
  2 starcursed masses (Zig:8)
  3 golden dragon zombies
  20 hell knights
  4 wizards
  2 glowing orange brains
  7 flayed ghosts
  16 deep trolls
  3 naga ritualists
  11 sea snakes
  2 shadow dragon zombies
  2 deep elf archers
  12 ironbrand convokers
  A lindwurm (Lair:6)
  The ghost of ceb the Fighter, a novice HOFi of Beogh (D:6)
  A glowing orange brain (shapeshifter) (Zig:9)
  A tengu zombie (Zig:11)
  The ghost of PeterLawrence the Cleaver, a novice MiFi of Okawaru (D:7)
  2 anaconda skeletons
  16 orc knights
  3 iron dragon zombies
  A harpy (shapeshifter) (Vaults:2)
  2 harpies (Shoals:2)
  An orb spider (Zig:12)
  6 wolf spiders
  4 wolf spider zombies
  7 phantasmal warriors
  2 oklob plants
  15 necromancers
  5 ugly things
  2 mana vipers (Zig:16)
  A sphinx zombie (Crypt:2)
  11 orc sorcerers
  18 deep elf magi
  A tengu skeleton (Zig:11)
  4 cyclopes
  A stone giant zombie (Dis:5)
  A moth of wrath (Zig:12)
  3 fire giant zombies
  27 fauns
  8 manticores
  4 shining eyes
  25 black mambas
  2 frost giant zombies
  A toenail golem (Volcano)
  6 guardian serpents
  3 centaur zombies
  A dire elephant zombie (Dis:6)
  3 salamanders
  17 merfolk sirens
  34 naga magi
  12 vault sentinels
  A molten gargoyle (Lair:6)
  A stone giant skeleton (Geh:2)
  2 ice statues
  An apocalypse crab (Zig:8)
  4 eyes of devastation
  An orange demon (Tomb:2)
  3 water nymphs
  29 rust devils
  A shock serpent skeleton (Hell)
  7 spiny frogs
  A torpor snail (Lair:2)
  A spriggan skeleton (Zig:11)
  3 smoke demons
  12 yaktaurs
  An emperor scorpion zombie (Dis:6)
  8 efreet
  3 dire elephant skeletons
  10 hellions
  A rime drake (Lair:2)
  A centaur skeleton (D:13)
  7 komodo dragons
  14 tormentors
  2 anaconda simulacra (IceCv)
  12 ice devils
  7 freezing wraiths
  40 guardian mummies
  An ancient zyme (Zig:8)
  2 demonic crawlers (Zig:12)
  6 red devils
  A hydra zombie (Crypt:3)
  3 jumping spiders (Zig:12)
  A queen bee (shapeshifter) (Vaults:3)
  A minotaur zombie (Hell)
  14 merfolk
  11 trolls
  A hellwing (Zig:17)
  A troll (shapeshifter) (Vaults:5)
  48 slime creatures
  Prince Ribbit (D:8)
  A hornet (shapeshifter) (Elf:2)
  3 hornets
  2 wolf spider simulacra (IceCv)
  4 blink frogs
  A raiju (Zig:8)
  5 wind drakes
  An ettin zombie (Dis:4)
  5 ice dragon zombies
  2 hippogriffs (shapeshifter)
  An iron dragon simulacrum (Hell)
  3 hippogriffs
  9 snapping turtles
  2 fire dragon zombies
  65 flying skulls
  7 dream sheep
  A stone giant simulacrum (Hell)
  Sigmund (D:6)
  An air elemental (Elf:2)
  3 ynoxinuls (Zig:8)
  6 redbacks
  2 elf zombies
  A spriggan (shapeshifter) (Vaults:3)
  8 water elementals
  13 wraiths
  2 dire elephant simulacra (IceCv)
  4 vampires
  5 shadows
  2 tarantellas (Zig:12)
  A wyvern (D:13)
  A spectral yaktaur (Zig:1)
  A basilisk (Lair:2)
  28 yaks
  20 fire elementals
  18 ushabtiu
  7 golden eyes
  A hungry ghost (D:12)
  2 vampire mosquitoes (D:13)
  A steam dragon (Lair:6)
  Menkaure (D:6)
  8 wargs
  2 harpy simulacra (IceCv)
  A monstrous demonspawn zombie (Crypt:2)
  A spatial vortex (Dis:7)
  42 nagas
  2 iron troll simulacra (IceCv)
  A spiny frog zombie (Hell)
  An acid dragon (Vaults:2)
  5 hydra simulacra (IceCv)
  2 soldier ants (D:10)
  28 hell hounds
  A water moccasin (shapeshifter) (Vaults:3)
  14 water moccasins
  4 porcupines
  A swamp drake (D:10)
  3 ice beasts
  4 sky beasts
  A snapping turtle zombie (Dis:7)
  4 black bears
  27 orc warriors
  2 phantoms
  4 necrophages (Crypt:3)
  An alligator simulacrum (IceCv)
  2 ettin simulacra (IceCv)
  2 eyes of draining
  4 wolves (Lair:3)
  22 ogres
  13 centaurs
  7 crocodiles
  2 big kobolds (Sewer)
  3 elf skeletons
  6 bullfrogs
  2 earth elementals (Volcano)
  A wyvern zombie (D:10)
  A scorpion (shapeshifter) (Vaults:5)
  A wyvern skeleton (D:6)
  4 scorpions
  A troll zombie (Crypt:2)
  10 wights
  2 elephant simulacra (IceCv)
  8 killer bees
  4 howler monkeys
  2 lava snakes (Lair:6)
  2 bullfrog zombies
  8 crimson imps
  3 draconian simulacra (IceCv)
  A quasit (D:9)
  5 hounds
  34 orc wizards
  A bullfrog skeleton (D:8)
  23 orc priests
  A gnoll shaman (D:9)
  9 iron imps
  3 jellies
  4 iguanas
  11 worker ants
  2 hell rats (Hell)
  A polar bear simulacrum (IceCv)
  3 spriggan simulacra (IceCv)
  5 centaur simulacra (IceCv)
  33 mummies
  A worker ant zombie (D:6)
  14 adders
  11 gnolls
  3 naga simulacra (IceCv)
  8 river rats (Sewer)
  5 ogre simulacra (IceCv)
  4 shadow imps
  6 white imps
  3 ufetubi (IceCv)
  2 adder zombies (D:5)
  An adder skeleton (D:4)
  8 worms
  4 leopard geckos
  81 orcs
  3 ball pythons
  A bat (D:2)
  3 giant cockroaches
  4 goblins
  3 hobgoblins (D:3)
  11 jackals
  6 quokkas
  A frilled lizard (D:4)
  16 kobolds
  A leopard gecko skeleton (D:7)
  A leopard gecko zombie (D:7)
  A quokka skeleton (D:9)
  A quokka zombie (D:9)
  19 rats
  2 crawling corpses (Elf:3)
  A fire vortex (Volcano)
  2 plants (D:11)
  4 spectral weapons
  4 tentacles (Shoals:4)
2211 creatures vanquished.

Vanquished Creatures (collateral kills)
  A deep elf demonologist (Elf:3)
  A hydra (Lair:6)
  A death yak (Shoals:2)
  A centaur warrior (Vaults:1)
  A fire crab (shapeshifter) (D:13)
  2 harpies (Shoals:2)
  3 shining eyes
  3 slime creatures
  3 black mambas (Lair:6)
  A molten gargoyle (Lair:6)
  A komodo dragon (Lair:6)
  A wyvern (Lair:6)
  4 yaks (Lair:6)
  A hell hound (Lair:6)
  2 centaurs
  A crocodile (Lair:1)
  A big kobold (D:10)
  A lava snake (Lair:6)
  An orc (Vaults:2)
  2 kobolds (D:10)
32 creatures vanquished.

Vanquished Creatures (others)
  A deep elf master archer (Elf:3)
  An eldritch tentacle (Dis:4)
  A fire giant (Zig:15)
  A blood saint (Zig:13)
  3 yaktaur captains (Vaults:5)
  A centaur warrior (Vaults:3)
  5 death scarabs (Tomb:2)
  2 hell hogs (Hell)
  A naga sharpshooter (Zig:16)
  A sun demon (Geh:7)
  A salamander mystic (Zig:13)
  2 deep elf archers
  A deep elf mage (Elf:1)
  A black mamba (Zig:16)
  A molten gargoyle (Geh:7)
  3 yaktaurs
  A merfolk (Shoals:4)
  A snapping turtle (Shoals:3)
  3 flying skulls (Tomb:2)
  An ettin skeleton (Tomb:2)
  A redback (Vaults:4)
  A wraith (Dis:7)
  3 nagas
  5 centaurs
  A crimson imp (Geh:7)
  An orc wizard (Orc:2)
  2 hell rats (Hell)
  A mummy (Tomb:2)
  A white imp (IceCv)
  3 ufetubi (IceCv)
  An orc (D:10)
  A fire vortex (Volcano)
  2 fungi
  A plant (Lair:4)
  5 spectral weapons
61 creatures vanquished.

Grand Total: 2304 creatures vanquished

Notes
Turn   | Place    | Note
-------+----------+-------------------------------------------
     0 | D:1      | tidbits the Gnoll Skald began the quest for the Orb.
     0 | D:1      | Reached XP level 1. HP: 20/20 MP: 6/6
   157 | D:3      | Reached XP level 2. HP: 25/26 MP: 3/7
   162 | D:3      | Learned a level 2 spell: Song of Slaying
   165 | D:3      | Learned a level 2 spell: Shroud of Golubria
   208 | D:3      | Found a shadowy altar of Dithmenos.
   239 | D:3      | Gained mutation: Your muscles are strong. (Str +2) [potion of mutation]
   239 | D:3      | Gained mutation: Your spells are a little harder to cast, but a little more powerful. [potion of mutation]
   246 | D:3      | Reached XP level 3. HP: 30/31 MP: 7/9
   248 | D:3      | Reached skill level 5 in Spellcasting
   257 | D:3      | Learned a level 3 spell: Regeneration
   266 | D:3      | Learned a level 3 spell: Spectral Weapon
   292 | D:3      | Found a runed door.
   292 | D:3      | Noticed an angel
   298 | D:3      | Found a glowing golden altar of the Shining One.
   355 | D:3      | Reached skill level 1 in Invocations
   427 | D:4      | Reached skill level 1 in Short Blades
   427 | D:4      | Reached skill level 1 in Long Blades
   427 | D:4      | Reached skill level 1 in Maces & Flails
   427 | D:4      | Reached skill level 1 in Polearms
   427 | D:4      | Reached skill level 1 in Staves
   427 | D:4      | Reached skill level 1 in Slings
   427 | D:4      | Reached skill level 1 in Bows
   427 | D:4      | Reached skill level 1 in Crossbows
   427 | D:4      | Reached skill level 1 in Throwing
   427 | D:4      | Reached skill level 1 in Stealth
   427 | D:4      | Reached skill level 1 in Shields
   427 | D:4      | Reached skill level 1 in Unarmed Combat
   427 | D:4      | Reached skill level 1 in Evocations
   427 | D:4      | Reached XP level 4. HP: 37/38 MP: 2/11
   436 | D:4      | Reached skill level 1 in Conjurations
   436 | D:4      | Reached skill level 1 in Hexes
   436 | D:4      | Reached skill level 1 in Summonings
   436 | D:4      | Reached skill level 1 in Necromancy
   436 | D:4      | Reached skill level 1 in Translocations
   436 | D:4      | Reached skill level 1 in Transmutations
   436 | D:4      | Reached skill level 1 in Fire Magic
   436 | D:4      | Reached skill level 1 in Ice Magic
   436 | D:4      | Reached skill level 1 in Air Magic
   436 | D:4      | Reached skill level 1 in Earth Magic
   436 | D:4      | Reached skill level 1 in Poison Magic
   448 | D:4      | Reached XP level 5. HP: 39/43 MP: 1/12
   449 | D:4      | Reached skill level 3 in Armour
   756 | D:4      | Reached XP level 6. HP: 50/50 MP: 11/13
   768 | D:4      | Reached skill level 2 in Invocations
   786 | D:4      | Reached skill level 5 in Fighting
   786 | D:4      | Reached skill level 5 in Axes
   786 | D:4      | Reached skill level 5 in Dodging
   790 | D:4      | Reached skill level 2 in Short Blades
   790 | D:4      | Reached skill level 2 in Long Blades
   790 | D:4      | Reached skill level 2 in Maces & Flails
   790 | D:4      | Reached skill level 2 in Polearms
   790 | D:4      | Reached skill level 2 in Staves
   790 | D:4      | Reached skill level 2 in Slings
   790 | D:4      | Reached skill level 2 in Bows
   790 | D:4      | Reached skill level 2 in Crossbows
   790 | D:4      | Reached skill level 2 in Throwing
   790 | D:4      | Reached skill level 2 in Stealth
   790 | D:4      | Reached skill level 2 in Shields
   790 | D:4      | Reached skill level 2 in Unarmed Combat
   790 | D:4      | Reached skill level 2 in Evocations
   854 | D:4      | Found a staircase to the Ecumenical Temple.
   859 | Temple   | Entered the Ecumenical Temple
   953 | Temple   | Became a worshipper of Cheibriados the Contemplative
  1014 | D:5      | Entered Level 5 of the Dungeon
  1025 | D:5      | Reached XP level 7. HP: 46/56 MP: 15/15
  1122 | D:4      | Reached skill level 2 in Conjurations
  1122 | D:4      | Reached skill level 2 in Hexes
  1122 | D:4      | Reached skill level 2 in Summonings
  1122 | D:4      | Reached skill level 2 in Necromancy
  1122 | D:4      | Reached skill level 2 in Translocations
  1122 | D:4      | Reached skill level 2 in Transmutations
  1122 | D:4      | Reached skill level 2 in Fire Magic
  1122 | D:4      | Reached skill level 2 in Ice Magic
  1122 | D:4      | Reached skill level 2 in Air Magic
  1122 | D:4      | Reached skill level 2 in Earth Magic
  1122 | D:4      | Reached skill level 2 in Poison Magic
  1192 | D:5      | Found Ningaism's Assorted Antiques.
  1202 | D:5      | Bought a worn glass wand for 124 gold pieces
  1202 | D:5      | Bought a scroll labeled PAUTUI USSENY for 31 gold pieces
  1238 | D:5      | Identified the cursed +0 ring mail of Icuhuteu {rElec Int+6 Dex-2 Stlth+} (You took it off an orc on level 5 of the Dungeon)
  1248 | D:4      | Reached * piety under Cheibriados
  1341 | D:5      | Reached skill level 3 in Invocations
  1474 | D:5      | Reached XP level 8. HP: 58/63 MP: 16/16
  1499 | D:5      | Reached skill level 4 in Armour
  1499 | D:5      | Reached skill level 6 in Charms
  1525 | D:5      | Found a glowing drain.
  1529 | D:5      | Reached skill level 3 in Short Blades
  1529 | D:5      | Reached skill level 3 in Long Blades
  1529 | D:5      | Reached skill level 3 in Maces & Flails
  1529 | D:5      | Reached skill level 3 in Polearms
  1529 | D:5      | Reached skill level 3 in Staves
  1529 | D:5      | Reached skill level 3 in Slings
  1529 | D:5      | Reached skill level 3 in Bows
  1529 | D:5      | Reached skill level 3 in Crossbows
  1529 | D:5      | Reached skill level 3 in Throwing
  1529 | D:5      | Reached skill level 3 in Stealth
  1529 | D:5      | Reached skill level 3 in Shields
  1529 | D:5      | Reached skill level 3 in Unarmed Combat
  1529 | D:5      | Reached skill level 3 in Evocations
  1536 | Sewer    | Entered a sewer
  1605 | Sewer    | Reached ** piety under Cheibriados
  1664 | Sewer    | Reached skill level 6 in Spellcasting
  1808 | Sewer    | Reached *** piety under Cheibriados
  1893 | D:6      | Noticed ceb's ghost (novice HOFi)
  1905 | D:6      | Killed ceb's ghost
  1905 | D:6      | Reached skill level 6 in Fighting
  1905 | D:6      | Reached skill level 6 in Axes
  1905 | D:6      | Reached skill level 6 in Dodging
  1905 | D:6      | Reached skill level 3 in Conjurations
  1905 | D:6      | Reached skill level 3 in Hexes
  1905 | D:6      | Reached skill level 3 in Summonings
  1905 | D:6      | Reached skill level 3 in Necromancy
  1905 | D:6      | Reached skill level 3 in Translocations
  1905 | D:6      | Reached skill level 3 in Transmutations
  1905 | D:6      | Reached skill level 3 in Fire Magic
  1905 | D:6      | Reached skill level 3 in Ice Magic
  1905 | D:6      | Reached skill level 3 in Air Magic
  1905 | D:6      | Reached skill level 3 in Earth Magic
  1905 | D:6      | Reached skill level 3 in Poison Magic
  1905 | D:6      | Reached skill level 4 in Invocations
  1905 | D:6      | Reached XP level 9. HP: 46/69 MP: 18/18
  1964 | D:6      | Noticed Sigmund
  1971 | D:6      | Killed Sigmund
  1971 | D:6      | Reached skill level 4 in Short Blades
  1971 | D:6      | Reached skill level 4 in Long Blades
  1971 | D:6      | Reached skill level 4 in Maces & Flails
  1971 | D:6      | Reached skill level 4 in Polearms
  1971 | D:6      | Reached skill level 4 in Staves
  1971 | D:6      | Reached skill level 4 in Slings
  1971 | D:6      | Reached skill level 4 in Bows
  1971 | D:6      | Reached skill level 4 in Crossbows
  1971 | D:6      | Reached skill level 4 in Throwing
  1971 | D:6      | Reached skill level 4 in Stealth
  1971 | D:6      | Reached skill level 4 in Shields
  1971 | D:6      | Reached skill level 4 in Unarmed Combat
  1971 | D:6      | Reached skill level 4 in Evocations
  2075 | D:6      | Noticed Menkaure
  2113 | D:6      | Killed Menkaure
  2210 | D:7      | Reached skill level 5 in Armour
  2278 | D:7      | Noticed PeterLawrence's ghost (novice MiFi)
  2329 | D:7      | Killed PeterLawrence's ghost
  2381 | D:8      | Reached skill level 5 in Invocations
  2389 | D:9      | Noticed a two-headed ogre
  2397 | D:9      | Killed a two-headed ogre
  2397 | D:9      | Reached skill level 7 in Spellcasting
  2397 | D:9      | Reached skill level 4 in Conjurations
  2397 | D:9      | Reached skill level 4 in Hexes
  2397 | D:9      | Reached skill level 4 in Summonings
  2397 | D:9      | Reached skill level 4 in Necromancy
  2397 | D:9      | Reached skill level 4 in Translocations
  2397 | D:9      | Reached skill level 4 in Transmutations
  2397 | D:9      | Reached skill level 4 in Fire Magic
  2397 | D:9      | Reached skill level 4 in Ice Magic
  2397 | D:9      | Reached skill level 4 in Air Magic
  2397 | D:9      | Reached skill level 4 in Earth Magic
  2397 | D:9      | Reached skill level 4 in Poison Magic
  2397 | D:9      | Reached XP level 10. HP: 65/77 MP: 20/20
  2423 | D:9      | Reached **** piety under Cheibriados
  2479 | D:8      | Noticed Prince Ribbit
  2491 | D:8      | Killed Prince Ribbit
  2502 | D:8      | Reached skill level 5 in Short Blades
  2502 | D:8      | Reached skill level 5 in Long Blades
  2502 | D:8      | Reached skill level 5 in Maces & Flails
  2502 | D:8      | Reached skill level 5 in Polearms
  2502 | D:8      | Reached skill level 5 in Staves
  2502 | D:8      | Reached skill level 5 in Slings
  2502 | D:8      | Reached skill level 5 in Bows
  2502 | D:8      | Reached skill level 5 in Crossbows
  2502 | D:8      | Reached skill level 5 in Throwing
  2502 | D:8      | Reached skill level 5 in Stealth
  2502 | D:8      | Reached skill level 5 in Shields
  2502 | D:8      | Reached skill level 5 in Unarmed Combat
  2502 | D:8      | Reached skill level 5 in Evocations
  2609 | D:8      | Learned a level 2 spell: Sticks to Snakes
  2638 | D:8      | Learned a level 1 spell: Animate Skeleton
  2640 | D:8      | Learned a level 1 spell: Apportation
  2674 | D:8      | Reached skill level 7 in Charms
  2826 | D:9      | Reached skill level 7 in Fighting
  2826 | D:9      | Reached skill level 7 in Axes
  2826 | D:9      | Reached skill level 7 in Dodging
  2907 | D:9      | Reached ***** piety under Cheibriados
  2920 | D:10     | Entered Level 10 of the Dungeon
  2940 | D:9      | Reached skill level 6 in Armour
  2956 | D:10     | Learned a level 5 spell: Blade Hands
  2987 | D:10     | Reached skill level 6 in Invocations
  3029 | D:10     | Found Ceraf's Assorted Antiques.
  3065 | D:10     | Bought a wand of disintegration (11) for 96 gold pieces
  3065 | D:10     | Bought a scroll of identify for 48 gold pieces
  3077 | D:10     | Noticed a two-headed ogre
  3085 | D:10     | Killed a two-headed ogre
  3085 | D:10     | Reached XP level 11. HP: 84/84 MP: 22/22
  3288 | D:11     | Noticed an oklob plant
  3322 | D:11     | Found a staircase to the Lair.
  3337 | D:11     | Killed an oklob plant
  3373 | D:11     | Found a basalt altar of Yredelemnul.
  3377 | D:11     | Reached skill level 6 in Short Blades
  3377 | D:11     | Reached skill level 6 in Long Blades
  3377 | D:11     | Reached skill level 6 in Maces & Flails
  3377 | D:11     | Reached skill level 6 in Polearms
  3377 | D:11     | Reached skill level 6 in Staves
  3377 | D:11     | Reached skill level 6 in Slings
  3377 | D:11     | Reached skill level 6 in Bows
  3377 | D:11     | Reached skill level 6 in Crossbows
  3377 | D:11     | Reached skill level 6 in Throwing
  3377 | D:11     | Reached skill level 6 in Stealth
  3377 | D:11     | Reached skill level 6 in Shields
  3377 | D:11     | Reached skill level 6 in Unarmed Combat
  3377 | D:11     | Reached skill level 6 in Evocations
  3393 | D:11     | Reached skill level 5 in Conjurations
  3393 | D:11     | Reached skill level 5 in Hexes
  3393 | D:11     | Reached skill level 5 in Summonings
  3393 | D:11     | Reached skill level 5 in Necromancy
  3393 | D:11     | Reached skill level 5 in Translocations
  3393 | D:11     | Reached skill level 5 in Transmutations
  3393 | D:11     | Reached skill level 5 in Fire Magic
  3393 | D:11     | Reached skill level 5 in Ice Magic
  3393 | D:11     | Reached skill level 5 in Air Magic
  3393 | D:11     | Reached skill level 5 in Earth Magic
  3393 | D:11     | Reached skill level 5 in Poison Magic
  3402 | D:12     | Noticed a deep elf mage
  3418 | D:12     | Found Teoffom's Assorted Antiques.
  3421 | D:12     | Bought a scroll labeled FODAXTUNUTA for 32 gold pieces
  3421 | D:12     | Bought a runed bronze wand for 128 gold pieces
  3421 | D:12     | Bought a fuming amethyst potion for 28 gold pieces
  3421 | D:12     | Bought a ring of evasion for 64 gold pieces
  3472 | D:12     | Reached skill level 8 in Spellcasting
  3561 | D:10     | Found Cioxuec's Gadget Shoppe.
  3608 | D:10     | Noticed a cyan ugly thing
  3616 | D:10     | Killed a cyan ugly thing
  3797 | D:10     | Reached ****** piety under Cheibriados
  3889 | D:10     | Found a staircase to the Orcish Mines.
  3935 | Orc:1    | Entered Level 1 of the Orcish Mines
  3937 | Orc:1    | Noticed an orc knight
  3945 | Orc:1    | Reached skill level 7 in Invocations
  3946 | Orc:1    | Killed an orc knight
  3946 | Orc:1    | Reached skill level 8 in Fighting
  3946 | Orc:1    | Reached skill level 8 in Axes
  3946 | Orc:1    | Reached skill level 7 in Armour
  3946 | Orc:1    | Reached skill level 8 in Dodging
  3948 | Orc:1    | Noticed a cyclops
  3953 | Orc:1    | Killed a cyclops
  4020 | Orc:1    | Noticed an orc sorcerer
  4032 | Orc:1    | Paralysed by an orc sorcerer for 4 turns
  4037 | Orc:1    | Killed an orc sorcerer
  4056 | Orc:1    | Found a dark tunnel.
  4063 | Volcano  | Entered a volcano
  4089 | Volcano  | Reached XP level 12. HP: 57/93 MP: 19/24
  4141 | Volcano  | Reached skill level 8 in Charms
  4220 | Orc:2    | Entered Level 2 of the Orcish Mines
  4242 | Orc:2    | Noticed an orc high priest
  4243 | Orc:2    | Found a staircase to the Elven Halls.
  4251 | Orc:2    | Killed an orc high priest
  4254 | Orc:2    | Reached skill level 7 in Short Blades
  4254 | Orc:2    | Reached skill level 7 in Long Blades
  4254 | Orc:2    | Reached skill level 7 in Maces & Flails
  4254 | Orc:2    | Reached skill level 7 in Polearms
  4254 | Orc:2    | Reached skill level 7 in Staves
  4254 | Orc:2    | Reached skill level 7 in Slings
  4254 | Orc:2    | Reached skill level 7 in Bows
  4254 | Orc:2    | Reached skill level 7 in Crossbows
  4254 | Orc:2    | Reached skill level 7 in Throwing
  4254 | Orc:2    | Reached skill level 7 in Stealth
  4254 | Orc:2    | Reached skill level 7 in Shields
  4254 | Orc:2    | Reached skill level 7 in Unarmed Combat
  4254 | Orc:2    | Reached skill level 7 in Evocations
  4465 | Orc:1    | Found a runed door.
  4473 | Orc:1    | Found the +10 large shield of Ignorance {rN+ Int-4}
  4525 | Orc:1    | Found a runed door.
  4528 | Orc:1    | Found Iramitud's Book Shop.
  4587 | Orc:2    | Noticed an ettin
  4593 | Orc:2    | Killed an ettin
  4593 | Orc:2    | Reached skill level 6 in Conjurations
  4593 | Orc:2    | Reached skill level 6 in Hexes
  4593 | Orc:2    | Reached skill level 6 in Summonings
  4593 | Orc:2    | Reached skill level 6 in Necromancy
  4593 | Orc:2    | Reached skill level 6 in Translocations
  4593 | Orc:2    | Reached skill level 6 in Transmutations
  4593 | Orc:2    | Reached skill level 6 in Fire Magic
  4593 | Orc:2    | Reached skill level 6 in Ice Magic
  4593 | Orc:2    | Reached skill level 6 in Air Magic
  4593 | Orc:2    | Reached skill level 6 in Earth Magic
  4593 | Orc:2    | Reached skill level 6 in Poison Magic
  4649 | Orc:2    | Reached skill level 8 in Invocations
  4652 | Orc:2    | Reached skill level 9 in Spellcasting
  4662 | Orc:2    | Found Niorph's Gadget Emporium.
  4706 | Orc:2    | Found a radiant altar of Vehumet.
  4706 | Orc:2    | Noticed an ogre mage
  4715 | Orc:2    | Killed an ogre mage
  4731 | Orc:2    | Found Topicho's Antique Armour Emporium.
  4741 | Orc:2    | Noticed Nergalle
  4761 | Orc:2    | Found an ancient bone altar of Kikubaaqudgha.
  4767 | Orc:2    | Killed Nergalle
  4767 | Orc:2    | Reached skill level 8 in Armour
  4774 | Orc:2    | Found a roughly hewn altar of Beogh.
  4775 | Orc:2    | Paralysed by an orc sorcerer for 7 turns
  4784 | Orc:2    | Reached skill level 9 in Fighting
  4784 | Orc:2    | Reached skill level 9 in Axes
  4784 | Orc:2    | Reached skill level 9 in Dodging
  4791 | Orc:2    | Reached XP level 13. HP: 50/101 MP: 22/26
  4796 | Orc:2    | Found Henac's Magic Scroll Emporium.
  4809 | Orc:2    | Found Opofoc's Book Shoppe.
  4817 | Orc:2    | Bought a book of Transfigurations for 770 gold pieces
  4829 | Orc:2    | Learned a level 5 spell: Irradiate
  4836 | Orc:2    | Learned a level 6 spell: Statue Form
  4845 | Orc:2    | Bought a scroll of identify for 22 gold pieces
  4845 | Orc:2    | Bought a scroll of identify for 22 gold pieces
  4845 | Orc:2    | Bought a scroll of identify for 22 gold pieces
  5027 | Lair:1   | Entered Level 1 of the Lair of Beasts
  5295 | Lair:2   | Reached skill level 8 in Short Blades
  5295 | Lair:2   | Reached skill level 8 in Long Blades
  5295 | Lair:2   | Reached skill level 8 in Maces & Flails
  5295 | Lair:2   | Reached skill level 8 in Polearms
  5295 | Lair:2   | Reached skill level 8 in Staves
  5295 | Lair:2   | Reached skill level 8 in Slings
  5295 | Lair:2   | Reached skill level 8 in Bows
  5295 | Lair:2   | Reached skill level 8 in Crossbows
  5295 | Lair:2   | Reached skill level 8 in Throwing
  5295 | Lair:2   | Reached skill level 8 in Stealth
  5295 | Lair:2   | Reached skill level 8 in Shields
  5295 | Lair:2   | Reached skill level 8 in Unarmed Combat
  5295 | Lair:2   | Reached skill level 8 in Evocations
  5411 | Lair:2   | Lost mutation: Your spells are a little harder to cast, but a little more powerful. [potion of mutation]
  5411 | Lair:2   | Lost mutation: Your muscles are strong. (Str +2) [potion of mutation]
  5411 | Lair:2   | Gained mutation: You are resistant to hostile enchantments. (MR+) [potion of mutation]
  5411 | Lair:2   | Gained mutation: You possess an exceptional clarity of mind. [potion of mutation]
  5411 | Lair:2   | Gained mutation: Your spells are a little harder to cast, but a little more powerful. [potion of mutation]
  5411 | Lair:2   | Gained mutation: You have supernaturally acute eyesight. (SInv) [potion of mutation]
  5418 | Lair:2   | Noticed Gastronok
  5426 | Lair:2   | Gained mutation: You are dopey. (Int -2) [mutagenic glow]
  5433 | Lair:2   | Killed Gastronok
  5433 | Lair:2   | Reached skill level 9 in Invocations
  5453 | Lair:2   | Gained mutation: Your magical capacity is low. (-10% MP) [mutagenic glow]
  5509 | Lair:2   | Found a staircase to the Shoals.
  5544 | Shoals:1 | Entered Level 1 of the Shoals
  5576 | Shoals:1 | Learned a level 4 spell: Ice Form
  5608 | Shoals:1 | Found a frozen archway.
  5635 | IceCv    | Entered an ice cave
  5820 | IceCv    | Reached skill level 7 in Conjurations
  5820 | IceCv    | Reached skill level 7 in Hexes
  5820 | IceCv    | Reached skill level 9 in Charms
  5820 | IceCv    | Reached skill level 7 in Summonings
  5820 | IceCv    | Reached skill level 7 in Necromancy
  5820 | IceCv    | Reached skill level 7 in Translocations
  5820 | IceCv    | Reached skill level 7 in Transmutations
  5820 | IceCv    | Reached skill level 7 in Fire Magic
  5820 | IceCv    | Reached skill level 7 in Ice Magic
  5820 | IceCv    | Reached skill level 7 in Air Magic
  5820 | IceCv    | Reached skill level 7 in Earth Magic
  5820 | IceCv    | Reached skill level 7 in Poison Magic
  6026 | IceCv    | Noticed an Ice Fiend
  6042 | IceCv    | Reached skill level 9 in Armour
  6058 | IceCv    | Killed an Ice Fiend
  6058 | IceCv    | Reached skill level 10 in Spellcasting
  6058 | IceCv    | Reached XP level 14. HP: 84/109 MP: 24/25
  6085 | IceCv    | Got a translucent morningstar
  6086 | IceCv    | Identified the +8 morningstar of Charity {freeze, rF- Dex+2 SInv} (You found it in an ice cave)
  6122 | Shoals:1 | Learned a level 5 spell: Blade Hands
  6195 | Shoals:2 | Noticed Aizul
  6205 | Shoals:2 | Killed Aizul
  6205 | Shoals:2 | Reached skill level 10 in Fighting
  6205 | Shoals:2 | Reached skill level 10 in Axes
  6205 | Shoals:2 | Reached skill level 10 in Dodging
  6312 | Shoals:2 | Reached skill level 9 in Short Blades
  6312 | Shoals:2 | Reached skill level 9 in Long Blades
  6312 | Shoals:2 | Reached skill level 9 in Maces & Flails
  6312 | Shoals:2 | Reached skill level 9 in Polearms
  6312 | Shoals:2 | Reached skill level 9 in Staves
  6312 | Shoals:2 | Reached skill level 9 in Slings
  6312 | Shoals:2 | Reached skill level 9 in Bows
  6312 | Shoals:2 | Reached skill level 9 in Crossbows
  6312 | Shoals:2 | Reached skill level 9 in Throwing
  6312 | Shoals:2 | Reached skill level 9 in Stealth
  6312 | Shoals:2 | Reached skill level 9 in Shields
  6312 | Shoals:2 | Reached skill level 9 in Unarmed Combat
  6312 | Shoals:2 | Reached skill level 9 in Evocations
  6401 | Shoals:2 | Reached skill level 10 in Invocations
  6526 | Shoals:3 | Reached skill level 8 in Conjurations
  6526 | Shoals:3 | Reached skill level 8 in Hexes
  6526 | Shoals:3 | Reached skill level 8 in Summonings
  6526 | Shoals:3 | Reached skill level 8 in Necromancy
  6526 | Shoals:3 | Reached skill level 8 in Translocations
  6526 | Shoals:3 | Reached skill level 8 in Transmutations
  6526 | Shoals:3 | Reached skill level 8 in Fire Magic
  6526 | Shoals:3 | Reached skill level 8 in Ice Magic
  6526 | Shoals:3 | Reached skill level 8 in Air Magic
  6526 | Shoals:3 | Reached skill level 8 in Earth Magic
  6526 | Shoals:3 | Reached skill level 8 in Poison Magic
  6528 | Shoals:3 | Reached XP level 15. HP: 117/117 MP: 3/26
  6532 | Shoals:3 | Reached skill level 10 in Armour
  6598 | Shoals:2 | Noticed Polyphemus
  6622 | Shoals:2 | Killed Polyphemus
  6634 | Shoals:2 | Reached skill level 11 in Spellcasting
  6644 | Shoals:2 | Reached skill level 10 in Charms
  6665 | Shoals:4 | Entered Level 4 of the Shoals
  6734 | Shoals:4 | Got a twitching steel ring
  6736 | Shoals:4 | Identified the ring of Hiugaxtu {rPois EV+5} (You took it off a merfolk siren on level 4 of the Shoals)
  6793 | Shoals:4 | Reached skill level 10 in Short Blades
  6793 | Shoals:4 | Reached skill level 10 in Long Blades
  6793 | Shoals:4 | Reached skill level 10 in Maces & Flails
  6793 | Shoals:4 | Reached skill level 10 in Polearms
  6793 | Shoals:4 | Reached skill level 10 in Staves
  6793 | Shoals:4 | Reached skill level 10 in Slings
  6793 | Shoals:4 | Reached skill level 10 in Bows
  6793 | Shoals:4 | Reached skill level 10 in Crossbows
  6793 | Shoals:4 | Reached skill level 10 in Throwing
  6793 | Shoals:4 | Reached skill level 10 in Stealth
  6793 | Shoals:4 | Reached skill level 10 in Shields
  6793 | Shoals:4 | Reached skill level 10 in Unarmed Combat
  6793 | Shoals:4 | Reached skill level 10 in Evocations
  6811 | Shoals:4 | Learned a level 5 spell: Fireball
  6876 | Shoals:4 | Reached skill level 11 in Fighting
  6876 | Shoals:4 | Reached skill level 11 in Axes
  6876 | Shoals:4 | Reached skill level 11 in Dodging
  6901 | Shoals:4 | Noticed a kraken
  6907 | Shoals:4 | Killed a kraken
  6956 | Shoals:4 | Reached skill level 11 in Invocations
  7016 | Shoals:4 | Noticed Ilsuiw
  7047 | Shoals:4 | Killed Ilsuiw
  7126 | Shoals:4 | Noticed a frost giant
  7150 | Shoals:4 | Reached XP level 16. HP: 125/125 MP: 19/28
  7170 | Shoals:4 | Got a barnacled rune of Zot
  7279 | Shoals:3 | Found Naewn's Weapon Shop.
  7471 | Lair:3   | Identified the +1 pair of boots of Xennaicu {*Drain rPois Str+5 Int+3} (You found it on level 3 of the Lair of Beasts)
  7509 | Lair:4   | Found a bloodstained altar of Trog.
  7546 | Lair:4   | Noticed Sonja
  7557 | Lair:4   | Killed Sonja
  7557 | Lair:4   | Reached skill level 9 in Conjurations
  7557 | Lair:4   | Reached skill level 9 in Hexes
  7557 | Lair:4   | Reached skill level 9 in Summonings
  7557 | Lair:4   | Reached skill level 9 in Necromancy
  7557 | Lair:4   | Reached skill level 9 in Translocations
  7557 | Lair:4   | Reached skill level 9 in Transmutations
  7557 | Lair:4   | Reached skill level 9 in Fire Magic
  7557 | Lair:4   | Reached skill level 9 in Ice Magic
  7557 | Lair:4   | Reached skill level 9 in Air Magic
  7557 | Lair:4   | Reached skill level 9 in Earth Magic
  7557 | Lair:4   | Reached skill level 9 in Poison Magic
  7794 | Lair:3   | Identified a scroll of acquirement
  7797 | Lair:3   | Got a bound amber ring
  7799 | Lair:3   | Identified the ring "Gakh" {+Blink MR+ MP+9 Str+4 Dex-5} (You acquired it on level 3 of the Lair of Beasts)
  7898 | Lair:3   | Reached skill level 11 in Armour
  7911 | Lair:3   | Found a staircase to the Snake Pit.
  7919 | Snake:1  | Entered Level 1 of the Snake Pit
  8262 | Snake:4  | Entered Level 4 of the Snake Pit
  8299 | Snake:4  | Noticed a nagaraja
  8301 | Snake:4  | Reached skill level 11 in Short Blades
  8301 | Snake:4  | Reached skill level 11 in Long Blades
  8301 | Snake:4  | Reached skill level 11 in Maces & Flails
  8301 | Snake:4  | Reached skill level 11 in Polearms
  8301 | Snake:4  | Reached skill level 11 in Staves
  8301 | Snake:4  | Reached skill level 11 in Slings
  8301 | Snake:4  | Reached skill level 11 in Bows
  8301 | Snake:4  | Reached skill level 11 in Crossbows
  8301 | Snake:4  | Reached skill level 11 in Throwing
  8301 | Snake:4  | Reached skill level 11 in Stealth
  8301 | Snake:4  | Reached skill level 11 in Shields
  8301 | Snake:4  | Reached skill level 11 in Unarmed Combat
  8301 | Snake:4  | Reached skill level 11 in Evocations
  8309 | Snake:4  | Killed a nagaraja
  8312 | Snake:4  | Reached skill level 12 in Spellcasting
  8316 | Snake:4  | Reached XP level 17. HP: 70/133 MP: 29/29
  8385 | Snake:4  | Reached skill level 12 in Invocations
  8434 | Snake:4  | Reached skill level 12 in Fighting
  8434 | Snake:4  | Reached skill level 12 in Axes
  8434 | Snake:4  | Reached skill level 12 in Dodging
  8444 | Snake:4  | Reached skill level 11 in Charms
  8472 | Snake:4  | Got an encrusted war axe {chop}
  8473 | Snake:4  | Identified the +10 war axe "Mitipake" {chop, rC+ Int+3} (You took it off a naga on level 4 of the Snake Pit)
  8504 | Snake:4  | Got a serpentine rune of Zot
  8800 | Lair:6   | Entered Level 6 of the Lair of Beasts
  8908 | Lair:6   | Reached skill level 10 in Conjurations
  8908 | Lair:6   | Reached skill level 10 in Hexes
  8908 | Lair:6   | Reached skill level 10 in Summonings
  8908 | Lair:6   | Reached skill level 10 in Necromancy
  8908 | Lair:6   | Reached skill level 10 in Translocations
  8908 | Lair:6   | Reached skill level 10 in Transmutations
  8908 | Lair:6   | Reached skill level 10 in Fire Magic
  8908 | Lair:6   | Reached skill level 10 in Ice Magic
  8908 | Lair:6   | Reached skill level 10 in Air Magic
  8908 | Lair:6   | Reached skill level 10 in Earth Magic
  8908 | Lair:6   | Reached skill level 10 in Poison Magic
  8919 | Lair:6   | Found a large runed door.
  8919 | Lair:6   | Found a large runed door.
  8959 | Lair:6   | Found a viscous altar of Jiyva.
  8960 | Lair:6   | Found a staircase to the Slime Pits.
  8985 | Slime:1  | Entered Level 1 of the Pits of Slime
  8992 | Slime:1  | Reached XP level 18. HP: 141/141 MP: 20/31
  8996 | Slime:1  | Gained mutation: You have a pair of small antennae on your head. [a shining eye]
  9000 | Slime:1  | Reached skill level 12 in Armour
  9246 | Slime:5  | Entered Level 5 of the Pits of Slime
  9277 | Slime:5  | Reached skill level 12 in Short Blades
  9277 | Slime:5  | Reached skill level 12 in Long Blades
  9277 | Slime:5  | Reached skill level 12 in Maces & Flails
  9277 | Slime:5  | Reached skill level 12 in Polearms
  9277 | Slime:5  | Reached skill level 12 in Staves
  9277 | Slime:5  | Reached skill level 12 in Slings
  9277 | Slime:5  | Reached skill level 12 in Bows
  9277 | Slime:5  | Reached skill level 12 in Crossbows
  9277 | Slime:5  | Reached skill level 12 in Throwing
  9277 | Slime:5  | Reached skill level 12 in Stealth
  9277 | Slime:5  | Reached skill level 12 in Shields
  9277 | Slime:5  | Reached skill level 12 in Unarmed Combat
  9277 | Slime:5  | Reached skill level 12 in Evocations
  9295 | Slime:5  | Found a viscous altar of Jiyva.
  9296 | Slime:5  | Noticed the Royal Jelly
  9318 | Slime:5  | Reached skill level 13 in Invocations
  9343 | Slime:5  | Killed the Royal Jelly
  9343 | Slime:5  | Reached skill level 13 in Spellcasting
  9382 | Slime:5  | Reached skill level 13 in Fighting
  9382 | Slime:5  | Reached skill level 13 in Axes
  9382 | Slime:5  | Reached skill level 13 in Dodging
  9414 | Slime:5  | Got a spiked leather armour
  9447 | Slime:5  | Learned a level 4 spell: Passage of Golubria
  9458 | Slime:5  | Got a brightly glowing wooden ring
  9458 | Slime:5  | Got a slimy rune of Zot
  9460 | Slime:5  | Identified the ring of Saettif {Fire rN+ MR+} (You found it on level 5 of the Pits of Slime)
  9479 | Slime:5  | Identified the +1 leather armour of Anaesthesia {rC+ Dex+2 Slay+3} (You found it on level 5 of the Pits of Slime)
  9493 | Slime:5  | Identified the ring of Kyasuol {rF+++ MP+9 Int-4 Dex+2 SInv} (You found it on level 5 of the Pits of Slime)
  9524 | Slime:5  | Learned a level 2 spell: Blink
  9528 | Slime:5  | Learned a level 3 spell: Lesser Beckoning
  9529 | Slime:5  | Identified the cursed +2 long sword of the Median {freeze, Fragile +Rage Int+4} (You found it on level 5 of the Pits of Slime)
  9534 | Slime:5  | Got smoking swamp dragon scales
  9610 | Lair:6   | Identified the +5 swamp dragon scales of the Sunfish {rPois rC+ MR- Int+3 SInv} (You found it on level 5 of the Pits of Slime)
  9766 | D:10     | Bought a wand of clouds (7) for 396 gold pieces
  9854 | Orc:2    | Bought a book of Geomancy for 490 gold pieces
  9857 | Orc:2    | Learned a level 2 spell: Passwall
  9863 | Orc:2    | Learned a level 5 spell: Lee's Rapid Deconstruction
  9903 | Elf:1    | Entered Level 1 of the Elven Halls
  9926 | Elf:1    | Reached XP level 19. HP: 149/149 MP: 30/32
 10074 | Elf:3    | Entered Level 3 of the Elven Halls
 10245 | Elf:3    | HP: 18/193 [ghostly deep elf high priest/damnation (29)]
 10259 | Elf:3    | Reached skill level 12 in Charms
 10323 | Elf:3    | Reached skill level 13 in Armour
 10342 | Elf:3    | Identified the ring "Demunluolu" {AC+4 Str+4 Int+2} (You took it off a deep elf death mage on level 3 of the Elven Halls)
 10369 | Elf:3    | Reached skill level 11 in Conjurations
 10369 | Elf:3    | Reached skill level 11 in Hexes
 10369 | Elf:3    | Reached skill level 11 in Summonings
 10369 | Elf:3    | Reached skill level 11 in Necromancy
 10369 | Elf:3    | Reached skill level 11 in Translocations
 10369 | Elf:3    | Reached skill level 11 in Transmutations
 10369 | Elf:3    | Reached skill level 11 in Fire Magic
 10369 | Elf:3    | Reached skill level 11 in Ice Magic
 10369 | Elf:3    | Reached skill level 11 in Air Magic
 10369 | Elf:3    | Reached skill level 11 in Earth Magic
 10369 | Elf:3    | Reached skill level 11 in Poison Magic
 10407 | Elf:3    | Learned a level 5 spell: Borgnjor's Vile Clutch
 10594 | D:12     | Bought a scroll of teleportation for 96 gold pieces
 10594 | D:12     | Bought a scroll of teleportation for 96 gold pieces
 10594 | D:12     | Bought a potion of heal wounds for 160 gold pieces
 10594 | D:12     | Bought a scroll of teleportation for 96 gold pieces
 10814 | D:13     | Found Laem's Gadget Shop.
 10816 | D:13     | Bought a wand of clouds (4) for 360 gold pieces
 10969 | D:14     | Found a gate to the Vaults.
 10975 | Vaults:1 | Entered Level 1 of the Vaults
 11117 | Vaults:1 | Reached XP level 20. HP: 157/157 MP: 29/33
 11168 | Vaults:1 | Reached skill level 14 in Invocations
 11191 | Vaults:2 | Reached skill level 13 in Short Blades
 11191 | Vaults:2 | Reached skill level 13 in Long Blades
 11191 | Vaults:2 | Reached skill level 13 in Maces & Flails
 11191 | Vaults:2 | Reached skill level 13 in Polearms
 11191 | Vaults:2 | Reached skill level 13 in Staves
 11191 | Vaults:2 | Reached skill level 13 in Slings
 11191 | Vaults:2 | Reached skill level 13 in Bows
 11191 | Vaults:2 | Reached skill level 13 in Crossbows
 11191 | Vaults:2 | Reached skill level 13 in Throwing
 11191 | Vaults:2 | Reached skill level 13 in Stealth
 11191 | Vaults:2 | Reached skill level 13 in Shields
 11191 | Vaults:2 | Reached skill level 13 in Unarmed Combat
 11191 | Vaults:2 | Reached skill level 13 in Evocations
 11272 | Vaults:2 | Found a staircase to the Crypt.
 11370 | Vaults:1 | Found Yzoaw's Gadget Boutique.
 11505 | Vaults:3 | Reached skill level 14 in Spellcasting
 11632 | Vaults:3 | Found Inkevot's General Store.
 11642 | Vaults:3 | Reached skill level 14 in Fighting
 11642 | Vaults:3 | Reached skill level 14 in Axes
 11642 | Vaults:3 | Reached skill level 14 in Dodging
 11665 | Vaults:3 | Bought a scroll of blinking for 120 gold pieces
 11881 | Vaults:4 | Noticed Margery
 11889 | Vaults:4 | Killed Margery
 11889 | Vaults:4 | Reached XP level 21. HP: 159/165 MP: 16/35
 11980 | Vaults:5 | Entered Level 5 of the Vaults
 11992 | Vaults:5 | Reached skill level 14 in Armour
 12022 | Vaults:5 | Reached skill level 15 in Invocations
 12027 | Vaults:5 | Reached skill level 12 in Conjurations
 12027 | Vaults:5 | Reached skill level 12 in Hexes
 12027 | Vaults:5 | Reached skill level 13 in Charms
 12027 | Vaults:5 | Reached skill level 12 in Summonings
 12027 | Vaults:5 | Reached skill level 12 in Necromancy
 12027 | Vaults:5 | Reached skill level 12 in Translocations
 12027 | Vaults:5 | Reached skill level 12 in Transmutations
 12027 | Vaults:5 | Reached skill level 12 in Fire Magic
 12027 | Vaults:5 | Reached skill level 12 in Ice Magic
 12027 | Vaults:5 | Reached skill level 12 in Air Magic
 12027 | Vaults:5 | Reached skill level 12 in Earth Magic
 12027 | Vaults:5 | Reached skill level 12 in Poison Magic
 12045 | Vaults:5 | Reached skill level 14 in Short Blades
 12045 | Vaults:5 | Reached skill level 14 in Long Blades
 12045 | Vaults:5 | Reached skill level 14 in Maces & Flails
 12045 | Vaults:5 | Reached skill level 14 in Polearms
 12045 | Vaults:5 | Reached skill level 14 in Staves
 12045 | Vaults:5 | Reached skill level 14 in Slings
 12045 | Vaults:5 | Reached skill level 14 in Bows
 12045 | Vaults:5 | Reached skill level 14 in Crossbows
 12045 | Vaults:5 | Reached skill level 14 in Throwing
 12045 | Vaults:5 | Reached skill level 14 in Stealth
 12045 | Vaults:5 | Reached skill level 14 in Shields
 12045 | Vaults:5 | Reached skill level 14 in Unarmed Combat
 12045 | Vaults:5 | Reached skill level 14 in Evocations
 12049 | Vaults:5 | Noticed an ancient lich
 12051 | Vaults:5 | Killed an ancient lich
 12117 | Vaults:5 | Identified the +8 flail of Semypris {flame, rN+ Dex+8} (You found it on level 5 of the Vaults)
 12146 | Vaults:5 | Reached XP level 22. HP: 173/173 MP: 28/36
 12215 | Vaults:5 | Found Lusyditsi's Food Emporium.
 12218 | Vaults:5 | Noticed a golden dragon
 12225 | Vaults:5 | Killed a golden dragon
 12314 | Vaults:5 | Identified the Papyrus of Feathery Augmentations
 12319 | Vaults:5 | Identified a +2 pair of boots of running (You found it on level 5 of the Vaults)
 12365 | Vaults:5 | Reached skill level 15 in Spellcasting
 12384 | Vaults:5 | Found Piucirei's Magic Scroll Emporium.
 12384 | Vaults:5 | Found Puewigog's Distillery.
 12400 | Vaults:5 | Bought a scroll of identify for 42 gold pieces
 12403 | Vaults:5 | Bought a scroll of magic mapping for 73 gold pieces
 12403 | Vaults:5 | Bought a scroll of magic mapping for 73 gold pieces
 12410 | Vaults:5 | Got a slimy bone ring
 12412 | Vaults:5 | Identified the ring "Zunkumn" {Wiz *Drain rPois Int+3 Dex+6} (You took it off a vault sentinel on level 5 of the Vaults)
 12426 | Vaults:5 | Bought a potion of brilliance for 72 gold pieces
 12426 | Vaults:5 | Bought a potion of flight for 54 gold pieces
 12426 | Vaults:5 | Got a silver rune of Zot
 12434 | Vaults:5 | Found Ezeli's Magic Scroll Shop.
 12438 | Vaults:5 | Bought a scroll of teleportation for 66 gold pieces
 12438 | Vaults:5 | Bought a scroll of fog for 44 gold pieces
 12438 | Vaults:5 | Bought a scroll of fog for 44 gold pieces
 12445 | Vaults:5 | Found Ibusioqi's Food Shoppe.
 12445 | Vaults:5 | Found Vokh's Distillery.
 12449 | Vaults:5 | Found Nuicrashra's Distillery.
 12450 | Vaults:5 | Bought a potion of heal wounds for 80 gold pieces
 12453 | Vaults:5 | Bought a potion of brilliance for 64 gold pieces
 12453 | Vaults:5 | Bought a potion of magic for 128 gold pieces
 12456 | Vaults:5 | Found Pathool's Magic Scroll Shoppe.
 12456 | Vaults:5 | Found Saadd's Food Boutique.
 12489 | Vaults:5 | Reached skill level 15 in Fighting
 12489 | Vaults:5 | Reached skill level 15 in Axes
 12489 | Vaults:5 | Reached skill level 15 in Dodging
 12533 | Vaults:4 | Learned a level 8 spell: Ignition
 12601 | Crypt:1  | Entered Level 1 of the Crypt
 12675 | Crypt:3  | Entered Level 3 of the Crypt
 12764 | Crypt:3  | Found a basalt altar of Yredelemnul.
 12822 | Crypt:3  | Reached XP level 23. HP: 181/181 MP: 22/38
 12849 | Crypt:3  | Identified the ring of Amorality {Wiz +Inv Str+4 Dex+6 Slay-5} (You found it on level 3 of the Crypt)
 12860 | Crypt:3  | Noticed Bai Suzhen
 12873 | Crypt:3  | Killed Bai Suzhen
 12898 | Crypt:3  | Noticed Khufu
 12908 | Crypt:3  | Killed Khufu
 12908 | Crypt:3  | Reached skill level 15 in Armour
 12928 | Crypt:3  | Found a staircase to the Tomb.
 12992 | Tomb:1   | Entered Level 1 of the Tomb of the Ancients
 13002 | Tomb:1   | Reached skill level 16 in Invocations
 13099 | Tomb:1   | Learned a level 2 spell: Sublimation of Blood
 13130 | Tomb:1   | Noticed a greater mummy
 13131 | Tomb:1   | Noticed a greater mummy
 13131 | Tomb:1   | Noticed a greater mummy
 13147 | Tomb:1   | Killed a greater mummy
 13153 | Tomb:1   | Killed a greater mummy
 13157 | Tomb:1   | Killed a greater mummy
 13157 | Tomb:1   | Reached skill level 15 in Short Blades
 13157 | Tomb:1   | Reached skill level 15 in Long Blades
 13157 | Tomb:1   | Reached skill level 15 in Maces & Flails
 13157 | Tomb:1   | Reached skill level 15 in Polearms
 13157 | Tomb:1   | Reached skill level 15 in Staves
 13157 | Tomb:1   | Reached skill level 15 in Slings
 13157 | Tomb:1   | Reached skill level 15 in Bows
 13157 | Tomb:1   | Reached skill level 15 in Crossbows
 13157 | Tomb:1   | Reached skill level 15 in Throwing
 13157 | Tomb:1   | Reached skill level 15 in Stealth
 13157 | Tomb:1   | Reached skill level 15 in Shields
 13157 | Tomb:1   | Reached skill level 15 in Unarmed Combat
 13157 | Tomb:1   | Reached skill level 15 in Evocations
 13160 | Tomb:1   | Noticed a greater mummy
 13165 | Tomb:1   | Killed a greater mummy
 13229 | Tomb:2   | Reached skill level 13 in Conjurations
 13229 | Tomb:2   | Reached skill level 13 in Hexes
 13229 | Tomb:2   | Reached skill level 13 in Summonings
 13229 | Tomb:2   | Reached skill level 13 in Necromancy
 13229 | Tomb:2   | Reached skill level 13 in Translocations
 13229 | Tomb:2   | Reached skill level 13 in Transmutations
 13229 | Tomb:2   | Reached skill level 13 in Fire Magic
 13229 | Tomb:2   | Reached skill level 13 in Ice Magic
 13229 | Tomb:2   | Reached skill level 13 in Air Magic
 13229 | Tomb:2   | Reached skill level 13 in Earth Magic
 13229 | Tomb:2   | Reached skill level 13 in Poison Magic
 13323 | Tomb:3   | Entered Level 3 of the Tomb of the Ancients
 13323 | Tomb:3   | Noticed Amaterasu's ghost (legendary GnNe)
 13338 | Tomb:3   | Killed Amaterasu's ghost
 13338 | Tomb:3   | Reached skill level 14 in Charms
 13339 | Tomb:3   | Noticed an ancient lich
 13340 | Tomb:3   | Noticed a greater mummy
 13345 | Tomb:3   | Killed an ancient lich
 13345 | Tomb:3   | Reached XP level 24. HP: 126/190 MP: 21/38
 13346 | Tomb:3   | Noticed a greater mummy
 13350 | Tomb:3   | Killed a greater mummy
 13351 | Tomb:3   | Killed a greater mummy
 13353 | Tomb:3   | Noticed a greater mummy
 13403 | Tomb:3   | Noticed a greater mummy
 13403 | Tomb:3   | Noticed a greater mummy
 13405 | Tomb:3   | Noticed a greater mummy
 13407 | Tomb:3   | Killed a greater mummy
 13407 | Tomb:3   | Killed a greater mummy
 13407 | Tomb:3   | Reached skill level 16 in Spellcasting
 13409 | Tomb:3   | Killed a greater mummy
 13409 | Tomb:3   | Killed a greater mummy
 13413 | Tomb:3   | Reached skill level 16 in Fighting
 13413 | Tomb:3   | Reached skill level 16 in Axes
 13413 | Tomb:3   | Reached skill level 16 in Dodging
 13416 | Tomb:3   | Noticed a greater mummy
 13419 | Tomb:3   | Noticed a greater mummy
 13429 | Tomb:3   | Killed a greater mummy
 13430 | Tomb:3   | Killed a greater mummy
 13448 | Tomb:3   | Identified the Handbook of Bewitchment
 13496 | Tomb:3   | Identified the amulet of Atheism {RegenMP Str+4} (You found it on level 3 of the Tomb of the Ancients)
 13501 | Tomb:3   | Identified the cursed +2 demon blade of Destruction {freeze, +Blink rC+ Str-3} (You found it on level 3 of the Tomb of the Ancients)
 13531 | Zig:1    | Entered Level 1 of a ziggurat
 13546 | Zig:2    | Entered Level 2 of a ziggurat
 13565 | Zig:3    | Entered Level 3 of a ziggurat
 13605 | Zig:4    | Entered Level 4 of a ziggurat
 13610 | Zig:4    | Noticed a Killer Klown
 13610 | Zig:4    | Noticed a Killer Klown
 13614 | Zig:4    | Killed a Killer Klown
 13614 | Zig:4    | Killed a Killer Klown
 13631 | Zig:5    | Entered Level 5 of a ziggurat
 13668 | Zig:6    | Entered Level 6 of a ziggurat
 13669 | Zig:6    | Noticed a greater mummy
 13673 | Zig:6    | Noticed a greater mummy
 13673 | Zig:6    | Noticed a greater mummy
 13676 | Zig:6    | Killed a greater mummy
 13678 | Zig:6    | Killed a greater mummy
 13681 | Zig:6    | Killed a greater mummy
 13696 | Zig:7    | Entered Level 7 of a ziggurat
 13702 | Zig:7    | Reached skill level 17 in Invocations
 13718 | Zig:8    | Entered Level 8 of a ziggurat
 13729 | Zig:8    | Reached skill level 16 in Armour
 13745 | Zig:9    | Entered Level 9 of a ziggurat
 13756 | Zig:9    | Reached XP level 25. HP: 197/197 MP: 37/39
 13772 | Zig:9    | Reached XP level 26. HP: 206/206 MP: 39/39
 13776 | Zig:10   | Entered Level 10 of a ziggurat
 13784 | Zig:10   | Noticed an ancient lich
 13784 | Zig:10   | Noticed an ancient lich
 13787 | Zig:10   | Reached skill level 16 in Short Blades
 13787 | Zig:10   | Reached skill level 16 in Long Blades
 13787 | Zig:10   | Reached skill level 16 in Maces & Flails
 13787 | Zig:10   | Reached skill level 16 in Polearms
 13787 | Zig:10   | Reached skill level 16 in Staves
 13787 | Zig:10   | Reached skill level 16 in Slings
 13787 | Zig:10   | Reached skill level 16 in Bows
 13787 | Zig:10   | Reached skill level 16 in Crossbows
 13787 | Zig:10   | Reached skill level 16 in Throwing
 13787 | Zig:10   | Reached skill level 16 in Stealth
 13787 | Zig:10   | Reached skill level 16 in Shields
 13787 | Zig:10   | Reached skill level 16 in Unarmed Combat
 13787 | Zig:10   | Reached skill level 16 in Evocations
 13788 | Zig:10   | Killed an ancient lich
 13789 | Zig:10   | Killed an ancient lich
 13810 | Zig:11   | Entered Level 11 of a ziggurat
 13815 | Zig:11   | Noticed a greater mummy
 13817 | Zig:11   | Killed a greater mummy
 13837 | Zig:11   | Identified the amulet "Ruryilaq" {Spirit rPois rC++ MR+ Str-4} (You found it on level 11 of a ziggurat)
 13847 | Zig:12   | Entered Level 12 of a ziggurat
 13857 | Zig:12   | Found the +6 arbalest "Damnation" {damnation}
 13858 | Zig:12   | Reached skill level 14 in Necromancy
 13871 | Zig:13   | Entered Level 13 of a ziggurat
 13883 | Zig:13   | Noticed an ancient lich
 13884 | Zig:13   | Reached skill level 14 in Conjurations
 13884 | Zig:13   | Reached skill level 14 in Hexes
 13884 | Zig:13   | Reached skill level 14 in Summonings
 13884 | Zig:13   | Reached skill level 14 in Translocations
 13884 | Zig:13   | Reached skill level 14 in Transmutations
 13884 | Zig:13   | Reached skill level 14 in Fire Magic
 13884 | Zig:13   | Reached skill level 14 in Ice Magic
 13884 | Zig:13   | Reached skill level 14 in Air Magic
 13884 | Zig:13   | Reached skill level 14 in Earth Magic
 13884 | Zig:13   | Reached skill level 14 in Poison Magic
 13886 | Zig:13   | Killed an ancient lich
 13894 | Zig:13   | Identified the amulet "Inoweif" {Reflect Str+5 SH+3} (You found it on level 13 of a ziggurat)
 13897 | Zig:13   | Reached XP level 27. HP: 198/213 MP: 37/39
 13905 | Zig:14   | Entered Level 14 of a ziggurat
 13917 | Zig:14   | Reached skill level 17 in Spellcasting
 13918 | Zig:14   | Reached skill level 15 in Charms
 13936 | Zig:14   | Reached skill level 17 in Fighting
 13936 | Zig:14   | Reached skill level 17 in Axes
 13936 | Zig:14   | Reached skill level 17 in Dodging
 13958 | Zig:14   | Identified the ring of Demons {rElec rF+ Dex-2 SInv Stlth+} (You found it on level 14 of a ziggurat)
 13985 | Zig:15   | Entered Level 15 of a ziggurat
 13997 | Zig:15   | Noticed an orb of fire
 13997 | Zig:15   | Noticed an orb of fire
 14003 | Zig:15   | Gained mutation: Your body sometimes deteriorates upon taking damage. [an orb of fire]
 14005 | Zig:15   | Lost mutation: You have supernaturally acute eyesight. (SInv) [an orb of fire]
 14006 | Zig:15   | Gained mutation: Scrolls take you a little longer to read. [an orb of fire]
 14008 | Zig:15   | Gained mutation: You are occasionally teleported next to monsters. [an orb of fire]
 14008 | Zig:15   | Gained mutation: You are weak. (Str -2) [an orb of fire]
 14009 | Zig:15   | Killed an orb of fire
 14010 | Zig:15   | Lost mutation: You possess an exceptional clarity of mind. [an orb of fire]
 14013 | Zig:15   | Reached skill level 18 in Invocations
 14014 | Zig:15   | Killed an orb of fire
 14016 | Zig:15   | Lost mutation: Scrolls take you a little longer to read. [potion of mutation]
 14016 | Zig:15   | Lost mutation: Your spells are a little harder to cast, but a little more powerful. [potion of mutation]
 14016 | Zig:15   | Lost mutation: Your magical capacity is low. (-10% MP) [potion of mutation]
 14016 | Zig:15   | Lost mutation: You are dopey. (Int -2) [potion of mutation]
 14016 | Zig:15   | Gained mutation: Your skin changes colour to match your surroundings (Stealth+). [potion of mutation]
 14016 | Zig:15   | Lost mutation: You are weak. (Str -2) [potion of mutation]
 14016 | Zig:15   | Gained mutation: You have large cloven feet. [potion of mutation]
 14017 | Zig:15   | Lost mutation: You are occasionally teleported next to monsters. [potion of mutation]
 14017 | Zig:15   | Lost mutation: You have large cloven feet. [potion of mutation]
 14017 | Zig:15   | Gained mutation: Your movements are slightly less encumbered by armour. (ER -2) [potion of mutation]
 14017 | Zig:15   | Gained mutation: You have a pair of antennae on your head. [potion of mutation]
 14046 | Zig:15   | Got a polished morningstar
 14047 | Zig:15   | Identified the +4 morningstar "Jellyslayer" {freeze, Stlth+} (You found it on level 15 of a ziggurat)
 14065 | Zig:16   | Entered Level 16 of a ziggurat
 14076 | Zig:16   | Reached skill level 15 in Necromancy
 14076 | Zig:16   | Reached skill level 17 in Armour
 14085 | Zig:16   | Identified Roxanne's Incunabulum of Mutagenic Clay
 14089 | Zig:16   | Identified the Grimoire of Dislocation and Battle Magic
 14091 | Zig:16   | Identified Further Steps in Casting
 14103 | Zig:16   | Identified the +1 war axe "Ynuenuol" {flame, +Fly rF- MR+ Int+8} (You found it on level 16 of a ziggurat)
 14115 | Zig:17   | Entered Level 17 of a ziggurat
 14128 | Zig:17   | Noticed Timiuvvi the pandemonium lord
 14129 | Zig:17   | Found the +0 mask of the Dragon {MR+ Slay+3 SInv}
 14129 | Zig:17   | Found the amulet of the Air {Inacc +Fly rElec EV+5 RMsl}
 14132 | Zig:17   | Reached skill level 17 in Short Blades
 14132 | Zig:17   | Reached skill level 17 in Long Blades
 14132 | Zig:17   | Reached skill level 17 in Maces & Flails
 14132 | Zig:17   | Reached skill level 17 in Polearms
 14132 | Zig:17   | Reached skill level 17 in Staves
 14132 | Zig:17   | Reached skill level 17 in Slings
 14132 | Zig:17   | Reached skill level 17 in Bows
 14132 | Zig:17   | Reached skill level 17 in Crossbows
 14132 | Zig:17   | Reached skill level 17 in Throwing
 14132 | Zig:17   | Reached skill level 17 in Stealth
 14132 | Zig:17   | Reached skill level 17 in Shields
 14132 | Zig:17   | Reached skill level 17 in Unarmed Combat
 14132 | Zig:17   | Reached skill level 17 in Evocations
 14134 | Zig:17   | Killed Timiuvvi the pandemonium lord
 14166 | Zig:17   | Identified the ring "Limeh" {-Tele rElec Str+5 Slay+2 Stlth+} (You acquired it on level 17 of a ziggurat)
 14170 | Zig:17   | Identified the ring "Havuh" {Wiz rPois rN+ Slay-3} (You found it on level 17 of a ziggurat)
 14188 | Zig:17   | Learned a level 8 spell: Controlled Blink
 14220 | Tomb:3   | Got a golden rune of Zot
 14255 | Tomb:1   | Noticed a greater mummy
 14255 | Tomb:1   | Noticed a greater mummy
 14255 | Tomb:1   | Noticed a greater mummy
 14257 | Tomb:1   | Noticed a greater mummy
 14259 | Tomb:1   | Noticed a greater mummy
 14260 | Tomb:1   | Noticed a greater mummy
 14260 | Tomb:1   | Noticed a greater mummy
 14261 | Tomb:1   | Killed a greater mummy
 14504 | D:14     | Found Apopeori's Antique Armour Shop.
 14513 | D:15     | Entered Level 15 of the Dungeon
 14513 | D:15     | Found Toigibb's Armour Boutique.
 14550 | D:15     | Found a staircase to the Depths.
 14565 | Depths:1 | Entered Level 1 of the Depths
 14654 | Depths:2 | Found a gateway to Hell.
 14663 | Hell     | Entered the Vestibule of Hell
 14663 | Hell     | Noticed Geryon
 14670 | Hell     | Killed Geryon
 14691 | Hell     | Reached skill level 16 in Necromancy
 14691 | Hell     | Reached skill level 15 in Conjurations
 14691 | Hell     | Reached skill level 15 in Hexes
 14691 | Hell     | Reached skill level 15 in Summonings
 14691 | Hell     | Reached skill level 15 in Translocations
 14691 | Hell     | Reached skill level 15 in Transmutations
 14691 | Hell     | Reached skill level 15 in Fire Magic
 14691 | Hell     | Reached skill level 15 in Ice Magic
 14691 | Hell     | Reached skill level 15 in Air Magic
 14691 | Hell     | Reached skill level 15 in Earth Magic
 14691 | Hell     | Reached skill level 15 in Poison Magic
 14697 | Hell     | Noticed Murray
 14786 | Hell     | Killed Murray
 14788 | Hell     | Reached skill level 18 in Spellcasting
 14822 | Hell     | Found a gateway to the Iron City of Dis.
 14827 | Dis:1    | Entered Level 1 of the Iron City of Dis
 14827 | Dis:1    | Found a gateway to Hell.
 14888 | Dis:2    | Found a gateway to Hell.
 14899 | Dis:3    | Found a gateway to Hell.
 14913 | Dis:3    | Found a gateway to Hell.
 14915 | Dis:4    | Found a gateway to Hell.
 14959 | Dis:4    | Reached skill level 18 in Fighting
 14959 | Dis:4    | Reached skill level 18 in Axes
 14959 | Dis:4    | Reached skill level 18 in Dodging
 14971 | Dis:4    | Found a gateway to Hell.
 15034 | Dis:4    | Found a gateway to Hell.
 15200 | Dis:4    | Found a gateway to Hell.
 15253 | Dis:5    | Reached skill level 19 in Invocations
 15264 | Dis:5    | Found a gateway to Hell.
 15291 | Dis:6    | Found a gateway to Hell.
 15314 | Dis:6    | Reached skill level 16 in Charms
 15366 | Dis:7    | Entered Level 7 of the Iron City of Dis
 15366 | Dis:7    | Found a gateway to Hell.
 15435 | Dis:7    | Gained mutation: You occasionally shout uncontrollably at your foes. [a cacodemon]
 15473 | Dis:7    | Learned a level 9 spell: Shatter
 15485 | Dis:7    | Reached skill level 18 in Armour
 15509 | Dis:7    | Gained mutation: Your body often deteriorates upon taking damage. [a cacodemon]
 15530 | Dis:7    | Noticed Dispater
 15540 | Dis:7    | HP: 19/284 [Dispater/iron shot (20)]
 15553 | Dis:7    | Killed Dispater
 15571 | Dis:7    | Found the +6 mace of Variability {chaos}
 15571 | Dis:7    | Found the +4 dagger "Morg" {pain, MR+ Int+5}
 15573 | Dis:7    | Identified the amulet "Riqow" {Inacc *Contam rC+ MR++ MP+9} (You found it on level 7 of the Iron City of Dis)
 15575 | Dis:7    | Got an iron rune of Zot
 15603 | Dis:7    | Gained mutation: Your spells are a little easier to cast, but a little less powerful. [mutagenic glow]
 15604 | Dis:7    | Found a gateway to Hell.
 15617 | Hell     | Lost mutation: You have a pair of antennae on your head. [potion of mutation]
 15617 | Hell     | Lost mutation: Your spells are a little easier to cast, but a little less powerful. [potion of mutation]
 15617 | Hell     | Lost mutation: Your body often deteriorates upon taking damage. [potion of mutation]
 15617 | Hell     | Lost mutation: You occasionally shout uncontrollably at your foes. [potion of mutation]
 15617 | Hell     | Gained mutation: You are partially covered in rugged brown scales. (AC +1, +3% HP) [potion of mutation]
 15617 | Hell     | Gained mutation: You have a somewhat thin skeletal structure. (Dex +2, Stealth) [potion of mutation]
 15632 | Hell     | Found a gateway to the ashen valley of Gehenna.
 15639 | Geh:1    | Entered Level 1 of Gehenna
 15639 | Geh:1    | Found a gateway to Hell.
 15651 | Geh:1    | Reached skill level 18 in Short Blades
 15651 | Geh:1    | Reached skill level 18 in Long Blades
 15651 | Geh:1    | Reached skill level 18 in Maces & Flails
 15651 | Geh:1    | Reached skill level 18 in Polearms
 15651 | Geh:1    | Reached skill level 18 in Staves
 15651 | Geh:1    | Reached skill level 18 in Slings
 15651 | Geh:1    | Reached skill level 18 in Bows
 15651 | Geh:1    | Reached skill level 18 in Crossbows
 15651 | Geh:1    | Reached skill level 18 in Throwing
 15651 | Geh:1    | Reached skill level 18 in Stealth
 15651 | Geh:1    | Reached skill level 18 in Shields
 15651 | Geh:1    | Reached skill level 18 in Unarmed Combat
 15651 | Geh:1    | Reached skill level 18 in Evocations
 15679 | Geh:1    | Reached skill level 17 in Necromancy
 15700 | Geh:2    | Found a gateway to Hell.
 15728 | Geh:3    | Found a gateway to Hell.
 15771 | Geh:3    | Found a gateway to Hell.
 15773 | Geh:4    | Found a gateway to Hell.
 15817 | Geh:5    | Found a gateway to Hell.
 15841 | Geh:6    | Found a gateway to Hell.
 15860 | Geh:7    | Entered Level 7 of Gehenna
 15868 | Geh:7    | Noticed Asmodeus
 15871 | Geh:7    | Got an obsidian rune of Zot
 15873 | Geh:7    | Killed from afar by a Brimstone Fiend

Skill      XL: |  1  2  3  4  5  6  7  8  9 10 11 12 13 14 15 16 17 18 19 20 21 22 23 24 25 26 27 |
---------------+----------------------------------------------------------------------------------+-----
Spellcasting   | 5 6 7 8 9 10 11 12 13 14 15 16 18 | 18.6
Invocations    | 1 2 3 4 5 6 7 8 9 10 11 12 13 14 15 16 17 19 | 19.4
Short Blades   | 1 2 3 4 5 6 7 8 9 10 11 12 13 14 15 16 18 | 18.1
Long Blades    | 1 2 3 4 5 6 7 8 9 10 11 12 13 14 15 16 18 | 18.1
Maces & Flails | 1 2 3 4 5 6 7 8 9 10 11 12 13 14 15 16 18 | 18.1
Polearms       | 1 2 3 4 5 6 7 8 9 10 11 12 13 14 15 16 18 | 18.1
Staves         | 1 2 3 4 5 6 7 8 9 10 11 12 13 14 15 16 18 | 18.1
Slings         | 1 2 3 4 5 6 7 8 9 10 11 12 13 14 15 16 18 | 18.1
Bows           | 1 2 3 4 5 6 7 8 9 10 11 12 13 14 15 16 18 | 18.1
Crossbows      | 1 2 3 4 5 6 7 8 9 10 11 12 13 14 15 16 18 | 18.1
Throwing       | 1 2 3 4 5 6 7 8 9 10 11 12 13 14 15 16 18 | 18.1
Stealth        | 1 2 3 4 5 6 7 8 9 10 11 12 13 14 15 16 18 | 18.1
Shields        | 1 2 3 4 5 6 7 8 9 10 11 12 13 14 15 16 18 | 18.1
Unarmed Combat | 1 2 3 4 5 6 7 8 9 10 11 12 13 14 15 16 18 | 18.1
Evocations     | 1 2 3 4 5 6 7 8 9 10 11 12 13 14 15 16 18 | 18.1
Conjurations   | 1 2 3 4 5 6 7 8 9 10 11 12 13 14 15 | 15.6
Hexes          | 1 2 3 4 5 6 7 8 9 10 11 12 13 14 15 | 15.6
Summonings     | 1 2 3 4 5 6 7 8 9 10 11 12 13 14 15 | 15.6
Necromancy     | 1 2 3 4 5 6 7 8 9 10 11 12 13 14 17 | 17.1
Translocations | 1 2 3 4 5 6 7 8 9 10 11 12 13 14 15 | 15.6
Transmutations | 1 2 3 4 5 6 7 8 9 10 11 12 13 14 15 | 15.6
Fire Magic     | 1 2 3 4 5 6 7 8 9 10 11 12 13 14 15 | 15.6
Ice Magic      | 1 2 3 4 5 6 7 8 9 10 11 12 13 14 15 | 15.6
Air Magic      | 1 2 3 4 5 6 7 8 9 10 11 12 13 14 15 | 15.6
Earth Magic    | 1 2 3 4 5 6 7 8 9 10 11 12 13 14 15 | 15.6
Poison Magic   | 1 2 3 4 5 6 7 8 9 10 11 12 13 14 15 | 15.6
Armour         | 3 4 5 6 7 8 9 10 11 12 13 14 15 16 18 | 18.2
Fighting       | 5 6 7 8 9 10 11 12 13 14 15 16 18 | 18.5
Axes           | 5 6 7 8 9 10 11 12 13 14 15 16 18 | 18.5
Dodging        | 5 6 7 8 9 10 11 12 13 14 15 16 18 | 18.5
Charms         | 6 7 8 9 10 11 12 13 14 16 | 16.3

Action                   |  1- 3 |  4- 6 |  7- 9 | 10-12 | 13-15 | 16-18 | 19-21 | 22-24 | 25-27 || total
-------------------------+-------+-------+-------+-------+-------+-------+-------+-------+-------++-------
Melee: Hand axe          |    23 |       |       |       |       |       |       |       |       ||    23
       Bite              |     6 |     8 |    24 |    97 |    72 |    90 |    71 |    92 |    80 ||   540
       War axe           |    42 |    68 |   172 |   323 |   119 |   209 |   361 |   283 |       ||  1577
       Unarmed           |       |       |     2 |       |   294 |   126 |       |    61 |    17 ||   500
       Dagger            |       |       |       |    25 |     1 |     1 |       |       |       ||    27
       Punch             |       |       |       |       |     2 |       |       |       |       ||     2
       Broad axe         |       |       |       |       |       |   137 |       |    23 |   328 ||   488
       Demon trident     |       |       |       |       |       |    11 |       |       |       ||    11
Throw: Stone             |       |       |     1 |       |       |       |       |       |       ||     1
       Tomahawk          |       |       |       |     4 |     4 |       |       |       |       ||     8
       Javelin           |       |       |       |     4 |    30 |    44 |    36 |     4 |    14 ||   132
 Cast: Infusion          |     7 |       |       |       |       |       |       |       |       ||     7
       Spectral Weapon   |     4 |     7 |    32 |    47 |    18 |     8 |       |       |       ||   116
       Shroud of Golubri |     1 |       |     5 |     7 |    10 |       |       |       |       ||    23
       Regeneration      |       |     2 |     3 |    12 |    29 |    17 |    12 |    33 |    42 ||   150
       Song of Slaying   |       |       |     5 |    12 |     6 |    15 |     2 |     3 |     4 ||    47
       Apportation       |       |       |       |    38 |    55 |    96 |    59 |    58 |    55 ||   361
       Animate Skeleton  |       |       |       |     2 |     5 |     4 |     3 |       |       ||    14
       Irradiate         |       |       |       |       |    13 |    17 |     2 |     5 |    34 ||    71
       Ice Form          |       |       |       |       |     6 |       |       |       |       ||     6
       Statue Form       |       |       |       |       |    16 |    32 |    38 |    28 |    36 ||   150
       Blade Hands       |       |       |       |       |     1 |       |       |       |       ||     1
       Fireball          |       |       |       |       |    12 |     2 |       |       |       ||    14
       Sticks to Snakes  |       |       |       |       |       |    10 |     2 |       |       ||    12
       Passage of Golubr |       |       |       |       |       |    30 |    58 |    37 |    66 ||   191
       Borgnjor's Vile C |       |       |       |       |       |       |    62 |    58 |    47 ||   167
       Blink             |       |       |       |       |       |       |    18 |    13 |    56 ||    87
       Passwall          |       |       |       |       |       |       |     9 |       |     1 ||    10
       Lee's Rapid Decon |       |       |       |       |       |       |     5 |    17 |    50 ||    72
       Lesser Beckoning  |       |       |       |       |       |       |     3 |     5 |     6 ||    14
       Sublimation of Bl |       |       |       |       |       |       |       |    15 |     7 ||    22
       Ignition          |       |       |       |       |       |       |       |     8 |    25 ||    33
       Controlled Blink  |       |       |       |       |       |       |       |       |    16 ||    16
       Shatter           |       |       |       |       |       |       |       |       |     8 ||     8
Invok: Slouch            |       |       |       |     8 |    14 |    19 |     8 |    18 |    30 ||    97
       Temporal Distorti |       |       |       |     1 |       |     2 |       |       |     1 ||     4
       Bend Time         |       |       |       |       |     1 |       |       |       |     2 ||     3
 Abil: End Transformatio |       |       |       |       |     1 |     3 |       |     5 |     4 ||    13
Evoke: Wand              |       |       |     9 |    29 |    55 |    21 |    13 |    10 |     9 ||   146
       Staff of energy   |       |       |       |       |       |       |    14 |    61 |    75 ||   150
       Figurine of a zig |       |       |       |       |       |       |       |     1 |       ||     1
  Use: Scroll            |     2 |     1 |    13 |     9 |    11 |    28 |    17 |    22 |    42 ||   145
       Potion            |     2 |     2 |     5 |     3 |     7 |     4 |     1 |     5 |    16 ||    45
 Stab: Sleeping          |     1 |     1 |     5 |     1 |     1 |    10 |    14 |     6 |     6 ||    45
       Paralysed         |       |       |     2 |     9 |     5 |       |       |       |       ||    16
       Distracted        |       |       |       |     5 |     9 |     5 |     2 |     2 |     3 ||    26
       Petrified         |       |       |       |       |     4 |     3 |       |       |       ||     7
       Petrifying        |       |       |       |       |     1 |       |       |       |       ||     1
  Eat: Chunk             |       |     1 |     5 |     7 |    11 |     1 |     4 |       |       ||    29
       Ration            |       |       |       |       |     1 |     4 |     5 |     4 |     6 ||    20
Armor: Leather armour    |    30 |    10 |    36 |       |       |       |       |       |       ||    76
       Acid dragon scale |       |       |     8 |    49 |       |     7 |       |       |       ||    64
       Troll leather arm |       |       |       |    39 |    32 |     4 |     1 |     1 |       ||    77
       Skin              |       |       |       |       |   207 |   221 |   132 |   122 |   180 ||   862
Dodge: Dodged            |    65 |    35 |   113 |   335 |   892 |   830 |   423 |   484 |   944 ||  4121
       Deflected         |       |       |       |       |     1 |   115 |    20 |     5 |    41 ||   182
Block: Buckler           |     4 |     7 |    56 |   192 |   376 |   312 |       |       |       ||   947
       Shield            |       |       |       |       |       |   349 |   828 |   918 |  1040 ||  3135
       Reflection        |       |       |       |       |       |     7 |   104 |    32 |       ||   143

Table legend:
 A = Turns spent in this place as a percentage of turns spent in the entire game.
 B = Non-inter-level travel turns spent in this place as a percentage of non-inter-level travel turns spent in the entire game.
 C = Inter-level travel turns spent in this place as a percentage of turns spent in this place.
 D = Turns resting spent in this place as a percentage of non-inter-level travel turns spent in this place.
 E = Turns spent auto-exploring this place as a percentage of non-inter-level travel turns spent in this place.
 F = Non-inter-level travel turns spent in this place divided by the number of levels of this place that you've seen.
                   A       B       C       D       E      F
               +-------+-------+-------+-------+-------+----------------------
         Total | 100.0 | 100.0 |   1.7 |   0.0 |   0.0 | 177.4
       Dungeon |  26.3 |  25.8 |   3.8 |   0.0 |   0.0 | 268.1
        Temple |   0.8 |   0.6 |  22.0 |   0.0 |   0.0 |  96.0
          Lair |   8.9 |   9.0 |   1.2 |   0.0 |   0.0 | 233.2
        Shoals |   8.7 |   8.9 |   0.0 |   0.0 |   0.0 | 346.2
     Snake Pit |   5.2 |   5.3 |   0.0 |   0.0 |   0.0 | 206.2
    Slime Pits |   3.9 |   3.9 |   0.0 |   0.0 |   0.0 | 122.8
  Orcish Mines |   6.1 |   5.8 |   6.5 |   0.0 |   0.0 | 452.5
   Elven Halls |   3.9 |   3.9 |   0.0 |   0.0 |   0.0 | 204.3
        Vaults |  10.6 |  10.8 |   0.0 |   0.0 |   0.0 | 336.2
         Crypt |   2.8 |   2.9 |   0.0 |   0.0 |   0.0 | 150.7
          Tomb |   4.5 |   4.6 |   0.0 |   0.0 |   0.0 | 237.0
        Depths |   1.0 |   1.1 |   0.0 |   0.0 |   0.0 |  83.0
          Hell |   0.7 |   0.8 |   0.0 |   0.0 |   0.0 | 119.0
           Dis |   5.0 |   5.1 |   0.0 |   0.0 |   0.0 | 112.7
       Gehenna |   1.5 |   1.5 |   0.0 |   0.0 |   0.0 |  33.4
      Ziggurat |   4.2 |   4.2 |   0.0 |   0.0 |   0.0 |  38.8
         Sewer |   2.1 |   2.2 |   0.0 |   0.0 |   0.0 | 337.0
      Ice Cave |   3.0 |   3.1 |   0.0 |   0.0 |   0.0 | 479.0
       Volcano |   0.8 |   0.8 |   0.0 |   0.0 |   0.0 | 122.0
               +-------+-------+-------+-------+-------+----------------------

Table legend:
 A = Kills in this place as a percentage of kills in entire the game.
 B = Kills by you in this place as a percentage of kills by you in the entire game.
 C = Kills by friends in this place as a percentage of kills by friends in the entire game.
 D = Other kills in this place as a percentage of other kills in the entire game.
 E = Experience gained in this place as a percentage of experience gained in the entire game.
 F = Experience gained in this place divided by the number of levels of this place that you have seen.
                   A       B       C       D       E      F
               +-------+-------+-------+-------+-------+----------------------
         Total | 100.0 | 100.0 | 100.0 | 100.0 | 100.0 | 17262.8
       Dungeon |  13.5 |  13.6 |  15.6 |   6.7 |   2.3 | 2329.1
          Lair |   5.2 |   4.7 |  43.8 |   0.0 |   2.6 | 6587.5
        Shoals |   6.7 |   6.6 |  12.5 |   6.7 |   5.7 | 21673.8
     Snake Pit |   5.9 |   6.0 |   0.0 |  10.0 |   5.0 | 19154.5
    Slime Pits |   3.3 |   3.2 |  18.8 |   0.0 |   4.6 | 14033.2
  Orcish Mines |   4.2 |   4.3 |   0.0 |   0.0 |   1.0 | 7843.0
   Elven Halls |   2.8 |   2.6 |   3.1 |  13.3 |   4.2 | 21175.3
        Vaults |  13.8 |  13.5 |   6.2 |  36.7 |  18.0 | 54538.6
         Crypt |   4.8 |   5.0 |   0.0 |   0.0 |   5.2 | 26460.3
          Tomb |   6.6 |   6.7 |   0.0 |   3.3 |  11.4 | 57818.7
        Depths |   1.0 |   1.0 |   0.0 |   0.0 |   1.0 | 7497.5
          Hell |   3.4 |   3.4 |   0.0 |   6.7 |   3.9 | 58748.0
           Dis |   7.0 |   7.2 |   0.0 |   0.0 |   9.3 | 20237.9
       Gehenna |   3.7 |   3.8 |   0.0 |   0.0 |   2.7 | 5830.3
      Ziggurat |  13.1 |  13.2 |   0.0 |  16.7 |  22.3 | 19884.8
         Sewer |   2.1 |   2.2 |   0.0 |   0.0 |   0.0 | 417.0
      Ice Cave |   2.5 |   2.5 |   0.0 |   0.0 |   0.6 | 9599.0
       Volcano |   0.4 |   0.4 |   0.0 |   0.0 |   0.1 | 2169.0
               +-------+-------+-------+-------+-------+----------------------

Vault maps used:
D:1:      minmay_arrival_shattered_statue
D:2:      first_ration
D:3:      nicolae_dithmenos_shadow_blocks, lemuel_angel_altar
D:4:      minmay_temple_entry_butterflies, minmay_cut_off
D:5:      serial_shops, shop, portal_sewer_entry_d
D:6:      nicolae_ru_the_path_less_chosen, uniq_menkaure, uniq_sigmund
D:7:      makhleb_blood_cavern_becter
D:8:      zin_statuary, serial_shops, shop, uniq_prince_ribbit1
D:9:      nicolae_overflow_hidden_temple, tso_metal_star, uniq_maurice
D:10:     erik_orc_1, serial_shops, shop, shop_fountains, serial_column_ruins,
          column_ruins_hut, column_ruins_open_small,
          column_ruins_columns_straight, column_ruins_open_small_water,
          column_ruins_grid_1, column_ruins_open_tiny, hangedman_pestilent_swarm
D:11:     dpeg_oklobed_lair, basic_altar, kennysheep_small_square
D:12:     serial_shops, nicolae_shop_behind_doors, corner_web_ring, uniq_snorg
D:13:     serial_shops, nicolae_shop_trees, hangedman_decor_opposing,
          minmay_pinched_square
D:14:     hangedman_vaults_entry_quadrant_bands, serial_shops,
          nicolae_shop_crystal, minmay_misc_feat_pillars, uniq_azrael
D:15:     gammafunk_enter_depths_forms, serial_shops, shop
Temple:   regret_index_temple_sphere_string
Lair:1:   lemuel_fruit_tree, grunt_megastairs_2, serial_bayou_shore_a,
          serial_bayou_shore_b, infiniplex_staircase_pool
Lair:2:   minmay_shoals_entry_hut, grunt_megastairs_3, uniq_gastronok
Lair:3:   minmay_snake_entry_guardpost_medium,
          eino_small_chamber_without_monster, grunt_megastairs_1
Lair:4:   basic_altar, grunt_megastairs_4, uniq_sonja
Lair:6:   cheibrodos_lair_end_hotspot, slime_altar_1
Shoals:1: portal_ice_cave_entry_ice_statue_one
Shoals:2: st_sunken_huts, uniq_aizul, uniq_polyphemus
Shoals:3: serial_shops, shop
Shoals:4: shoals_end_grunt_ice, shoals_ilsuiw_alternative
Snake:1:  grunt_ministairs_2
Snake:2:  st_stairs_6
Snake:3:  nicolae_sea_snake_s, nicolae_large_snake_swirl
Snake:4:  snake_pit, special_room
Slime:1:  cheibrodos_slime_lost_civilization_7
Slime:2:  basic_altar
Slime:4:  nicolae_slime_phagocytosis, uniq_dissolution
Orc:1:    enter_volcano_3, serial_shops, shop, chequers_guarded_unrand_ignorance
Orc:2:    kennysheep_orc_mage_school
Elf:1:    minmay_elf_arrival_circle, serial_shops, nicolae_shop_crystal,
          minivault_28, grunt_ministairs_6
Elf:2:    serial_shops, shop_fountains
Elf:3:    grunt_elf_hall_asides, roderic_lattice_octagonal_star, uniq_roxanne
Vaults:1: grunt_vaults_hallway_long, grunt_vaults_funnel,
          ontoclasm_vaults_ligature, vaults_room_grid,
          hangedman_vaults_restitches, serial_shops, shop
Vaults:2: vaults_dpeg_hooks, nicolae_vaults_network_periphery, v_misc_24,
          nicolae_vaults_disjoint_gnomons, grunt_vaults_hallway_long,
          nicolae_vaults_inception_corners, minmay_crypt_entry_vampire_xt,
          vaults_room_door_ring, vaults_room_pools, v_misc_22,
          hangedman_vaults_nails, v_pattern_4
Vaults:3: st_squares, ontoclasm_vaults_decontamination, hangedman_vaults_snaps,
          nicolae_vaults_network_quincunx, vaults_mumra_hex,
          ontoclasm_vaults_pinch, v_misc_27, serial_ice_g, v_rooms_3,
          hangedman_vaults_stagger, vaults_room_pool,
          nicolae_vaults_angled_halls, nicolae_vaults_little_squares_1,
          vaults_mumra_lcd, ontoclasm_vaults_claustrophobia, serial_shops, shop
Vaults:4: vaults_standard_mumra_lines, ontoclasm_vaults_chip,
          nicolae_vaults_mini_display_case, st_more_cells, grunt_vaults_swirl,
          vaults_mumra_minichess, nicolae_vaults_rhombus_5,
          nicolae_vaults_alarming, vaults_room_stairs_pillars,
          nicolae_vaults_specimen_jars, uniq_mennas, uniq_margery, uniq_sojobo
Vaults:5: serial_shops
Crypt:1:  serial_glass, glass_columns_a, glass_columns_a, glass_columns_a,
          glass_columns_a, glass_columns_c, glass_columns_b, glass_columns_b,
          glass_columns_a
Crypt:2:  basic_altar, uniq_jorgrun
Crypt:3:  grunt_crypt_end_deaths_head, uniq_bai_suzhen
Depths:1: pf_coc_iceberg, grunt_decor_fettered, nicolae_rare_books
Depths:2: minmay_connected_triangles_in_corner, kennysheep_nondescript,
          grunt_hell_entry_dis_grunt, abyss_entry, evilmike_butchery,
          serial_bayou_shore_b
Dis:5:    hangedman_dis_chains
Dis:7:    dis_st
Geh:3:    lemuel_hellish_altar
Geh:7:    geh_grunt_pentagon
Zig:7:    ziggurat_pillar_centre_c
Sewer:    sewer_minmay_treatment
IceCv:    ice_cave_caverns_02
Volcano:  volcano_aerie
